Workbook
Name Constr: '16370-АО'!$A$7
Name Constr: '16370-АР'!$A$7
Name Constr: '16370-АТХ'!$A$7
Name Constr: '16370-КМ'!$A$7
Name Constr: '16370-ТХ'!$A$7
Name Constr: '16370-ЭМ'!$A$7
Name FOT: '16370-АО'!$D$19
Name FOT: '16370-АР'!$D$17
Name FOT: '16370-АТХ'!$D$19
Name FOT: '16370-КМ'!$D$17
Name FOT: '16370-ТХ'!$D$19
Name FOT: '16370-ЭМ'!$D$19
Name Ind: '16370-АО'!$H$9
Name Ind: '16370-АР'!$H$9
Name Ind: '16370-АТХ'!$H$9
Name Ind: '16370-КМ'!$H$9
Name Ind: '16370-ТХ'!$H$9
Name Ind: '16370-ЭМ'!$H$9
Name Obj: '16370-АО'!$E$12
Name Obj: '16370-АР'!$E$12
Name Obj: '16370-АТХ'!$E$12
Name Obj: '16370-КМ'!$E$12
Name Obj: '16370-ТХ'!$E$12
Name Obj: '16370-ЭМ'!$E$12
Name Obosn: '16370-АО'!$D$15
Name Obosn: '16370-АР'!$D$15
Name Obosn: '16370-АТХ'!$D$15
Name Obosn: '16370-КМ'!$D$15
Name Obosn: '16370-ТХ'!$D$15
Name Obosn: '16370-ЭМ'!$D$15
Name SmPr: '16370-АО'!$D$16
Name SmPr: '16370-АР'!$D$16
Name SmPr: '16370-АТХ'!$D$16
Name SmPr: '16370-КМ'!$D$16
Name SmPr: '16370-ТХ'!$D$16
Name SmPr: '16370-ЭМ'!$D$16
Name аааааппппппрррппппппп: #REF!
Name аааааппппппрррппппппп: #REF!
Name аараооооооооооооо: #REF!
Name аараооооооооооооо: #REF!
Name автом: #REF!
Name автом: #REF!
Name алшрльоплварл: #REF!
Name алшрльоплварл: #REF!
Name аолвлддддддддддддддддввввввввв: #REF!
Name аолвлддддддддддддддддввввввввв: #REF!
Name апарв: #REF!
Name апарв: #REF!
Name апрлдджаоырыфрпопрлпрлпрлп: #REF!
Name апрлдджаоырыфрпопрлпрлпрлп: #REF!
Name арлггаджаш: #REF!
Name арлггаджаш: #REF!
Name ароррбллтблпроорапииас: #REF!
Name ароррбллтблпроорапииас: #REF!
Name арррррблллпдрлдддддддддд: #REF!
Name арррррблллпдрлдддддддддд: #REF!
Name варпаааааааааа: #REF!
Name варпаааааааааа: #REF!
Name ввпьььььлднд: #REF!
Name ввпьььььлднд: #REF!

Sheet 16370-АО
A1: СОГЛАСОВАНО: | M1: УТВЕРЖДАЮ:
A4: _________________ | M4: _________________
A5: " _____ " ________________ 2013 г. | M5: "____" ______________2013 г.
H6: ФГУП "Комбинат "Электрохимприбор", г. Лесной
H7: (наименование стройки)
H9: ЛОКАЛЬНЫЙ СМЕТНЫЙ РАСЧЕТ № 16370-АО.СМ1 (взамен 16370-АО.СМ)
H10: (локальная смета)
A12: Контроль атмосферы. Станция газификации (техперевооружение с монтажом установки длительного хранения УДХ10-02 и газификатора ГУ-0,3/0,3"
H13: (наименование работ и затрат, наименование объекта)
D15: Основание: 16370-АО
D16: Сметная стоимость _______________________________________________________________________________________________ | J16: ___________________________50650 | L16: руб.
D17: монтажных работ _______________________________________________________________________________________________ | J17: _______________________________________________________________________________________________6546 | L17: руб.
D18: оборудования _______________________________________________________________________________________________ | J18: _______________________________________________________________________________________________44104 | L18: руб.
D19: Средства на оплату труда _______________________________________________________________________________________________ | J19: ___________________________1565 | L19: руб.
D20: Сметная трудоемкость _______________________________________________________________________________________________ | J20: _______________________________________________________________________________________________101,19 | L20: чел.час
D21: Составлен(а) в базисных ценах 2001 г.( в редакции 2009)
A24: № пп | B24: Обосно- вание | C24: Наименование | D24: Ед. изм. | E24: Кол. | F24: Стоимость единицы, руб. | J24: Общая стоимость, руб. | N24: Т/з осн. раб.на ед. | O24: Т/з осн. раб. Всего | P24: Т/з мех. на ед. | Q24: Т/з мех. Всего
F25: Всего | G25: В том числе | J25: Всего | K25: В том числе
G26: Осн.З/п | H26: Эк.Маш | I26: З/пМех | K26: Осн.З/п | L26: Эк.Маш | M26: З/пМех
A27: 1 | B27: 2 | C27: 3 | D27: 4 | E27: 5 | F27: 6 | G27: 7 | H27: 8 | I27: 9 | J27: 10 | K27: 11 | L27: 12 | M27: 13 | N27: 14 | O27: 15 | P27: 16 | Q27: 17
A28: Раздел 1. Контроль атмосферы
A29: Приборы и средства автоматизации
A30: 1 | B30: ТЕРм11-02-001-02 Постан.Правит.Свердл.обл. от 10.11.10 №1616-ПП | C30: Монтаж. Датчик-газоанализатор НР (42 руб.): 80% от ФОТ (53 руб.) СП (32 руб.): 60% от ФОТ (53 руб.) | D30: 1 шт. | E30: 2 | F30: 23.43 | G30: 21.79 | J30: 47 | K30: 44 | N30: 1.56 | O30: 3.12
A31: 2 | B31: Оборудование по прайс-листам | C31: Датчик-газоанализатор термомгнитный ДАМ ИБЯЛ.407111.002-15 | D31: шт | E31: 2 | F31: 13316,76 66155/1,18/ИндексОБ | J31: 26634
A32: 3 | B32: Оборудование по прайс-листам | C32: Вентиль точной регулировки ВТР ИБЯл.306577.002 | D32: шт | E32: 1 | F32: 732,72 3640/1,18/ИндексОБ | J32: 733
A33: 4 | B33: Оборудование по прайс-листам | C33: Индикатор расхода ИР ИБЯЛ.418622.003-05 | D33: шт | E33: 1 | F33: 106,69 530/1,18/ИндексОБ | J33: 107
A34: 5 | B34: ТЕРм10-08-003-06 Постан.Правит.Свердл.обл. от 10.11.10 №1616-ПП | C34: Монтаж блока питания и сигнализации НР (81 руб.): 80% от ФОТ (101 руб.) СП (61 руб.): 60% от ФОТ (101 руб.) | D34: 1 шт. | E34: 1 | F34: 97.17 | G34: 84.04 | H34: 0.49 | J34: 97 | K34: 84 | N34: 5.76 | O34: 5.76
A35: 6 | B35: Оборудование по прайс-листам | C35: Блок питания и сигнализации БПС-21М-2Ц | D35: шт | E35: 1 | F35: 5585,97 27750/1,18/ИндексОБ | J35: 5586
A36: 7 | B36: Оборудование по прайс-листам | C36: Вилка трехполюсная ножевая, 220 В | D36: шт | E36: 2 | F36: 17,51 87/1,18/ИндексОБ | J36: 35
A37: Электроаппараты
A38: 8 | B38: ТЕРм10-08-003-04 Постан.Правит.Свердл.обл. от 10.11.10 №1616-ПП | C38: Монтаж сигнального блока постоянного свечения НР (94 руб.): 80% от ФОТ (118 руб.) СП (71 руб.): 60% от ФОТ (118 руб.) | D38: 1 шт. | E38: 2 | F38: 55.9 | G38: 48.78 | H38: 0.37 | J38: 112 | K38: 98 | L38: 1 | N38: 3.6 | O38: 7.2
A39: 9 | B39: Оборудование по прайс-листам | C39: Сигнальный блок постоянного свечения со светодиодом 230В с линзой красного цвета XVB-C2M4 | D39: шт | E39: 2 | F39: 708,52 2982,86/ИндексОБ | J39: 1417
A40: 10 | B40: ТЕРм10-08-003-01 Постан.Правит.Свердл.обл. от 10.11.10 №1616-ПП | C40: Монтаж звуковых сигнальных устройств НР (210 руб.): 80% от ФОТ (262 руб.) СП (157 руб.): 60% от ФОТ (262 руб.) | D40: 1 шт. | E40: 2 | F40: 118.78 | G40: 108.98 | H40: 0.37 | J40: 238 | K40: 218 | L40: 1 | N40: 7.92 | O40: 15.84
A41: 11 | B41: Оборудование по прайс-листам | C41: Звуковое сигнальное устройство непрерывное 220В XVB-C9M | D41: шт | E41: 2 | F41: 913,84 3847,25/ИндексОБ | J41: 1828
A42: 12 | B42: Оборудование по прайс-листам | C42: Базовое устройство с крышкой XVB-C21 | D42: шт | E42: 2 | F42: 301,18 1267,95/ИндексОБ | J42: 602
A43: 13 | B43: ТЕРм10-08-002-03 Постан.Правит.Свердл.обл. от 10.11.10 №1616-ПП | C43: Монтаж оповещателя светового НР (27 руб.): 80% от ФОТ (34 руб.) СП (20 руб.): 60% от ФОТ (34 руб.) | D43: 1 шт. | E43: 1 | F43: 34.49 | G43: 27.97 | H43: 0.54 | J43: 34 | K43: 28 | L43: 1 | N43: 1.68 | O43: 1.68
A44: 14 | B44: Оборудование по прайс-листам | C44: Оповещатель охранно-пожарный световой "Люкс" НБО-3х1 220В | D44: шт | E44: 1 | F44: 67,08 333,25/1,18/ИндексОБ | J44: 67
A45: 15 | B45: ТЕРм10-08-003-06 Постан.Правит.Свердл.обл. от 10.11.10 №1616-ПП | C45: Монтаж источника бесперебойного питания НР (81 руб.): 80% от ФОТ (101 руб.) СП (61 руб.): 60% от ФОТ (101 руб.) | D45: 1 шт. | E45: 1 | F45: 97.17 | G45: 84.04 | H45: 0.49 | J45: 97 | K45: 84 | N45: 5.76 | O45: 5.76
A46: 16 | B46: Оборудование по прайс-листам | C46: Источник бесперебойного питания Eaton 5115 500VA | D46: шт | E46: 1 | F46: 1129,27 5610/1,18/ИндексОБ | J46: 1129
A47: Кабели и провода
A48: 17 | B48: ТЕРм08-02-409-01 Постан.Правит.Свердл.обл. от 10.11.10 №1616-ПП | C48: Труба винипластовая по установленным конструкциям, по стенам и колоннам с креплением скобами, диаметр до 25 мм НР (353 руб.): 95% от ФОТ (372 руб.) СП (242 руб.): 65% от ФОТ (372 руб.) | D48: 100 м | E48: 0,55 55 / 100 | F48: 2435.2 | G48: 315.35 | H48: 611.58 | I48: 248.83 | J48: 1339 | K48: 173 | L48: 336 | M48: 137 | N48: 23.8 | O48: 13.09 | P48: 15.91 | Q48: 8.75
A49: 18 | B49: Материалы по прайс-листам | C49: Труба гофрированная ПВХ16 | D49: м | E49: 55 | F49: 0,51 3,6/1,18/ИндексМ | J49: 28
A50: 19 | B50: ТЕРм08-02-412-02 Постан.Правит.Свердл.обл. от 10.11.10 №1616-ПП | C50: Затягивание провода в проложенные трубы и металлические рукава первого одножильного или многожильного в общей оплетке, суммарное сечение до 6 мм2 НР (56 руб.): 95% от ФОТ (59 руб.) СП (38 руб.): 65% от ФОТ (59 руб.) | D50: 100 м | E50: 0,55 (30+25) / 100 | F50: 676.59 | G50: 89.31 | H50: 5.85 | I50: 0.36 | J50: 372 | K50: 49 | L50: 3 | N50: 6.74 | O50: 3.71 | P50: 0.02 | Q50: 0.01
A51: 20 | B51: Материалы по прайс-листам | C51: Кабель КВВГнг-LS 4х0,75 | D51: м | E51: 30 | F51: 3,52 24,83/1,18/ИндексМ | J51: 106
A52: 21 | B52: Материалы по прайс-листам | C52: Кабель КВВГЭнг-LS 4х0,75 | D52: м | E52: 25 | F52: 7,6 53,6/1,18/ИндексМ | J52: 190
A53: 22 | B53: ТЕРм08-02-472-10 Постан.Правит.Свердл.обл. от 10.11.10 №1616-ПП | C53: Проводник заземляющий из медного изолированного провода открыто по строительным основаниям НР (13 руб.): 95% от ФОТ (14 руб.) СП (9 руб.): 65% от ФОТ (14 руб.) | D53: 100 м | E53: 0,02 2 / 100 | F53: 4732.43 | G53: 617.45 | H53: 45.38 | I53: 0.55 | J53: 95 | K53: 12 | L53: 1 | N53: 46.6 | O53: 0.93 | P53: 0.03
A54: 23 | B54: Материалы по прайс-листам | C54: Провод установочный ПуВ1х16 з-ж | D54: м | E54: 2 | F54: 6,12 43,19/1,18/ИндексМ | J54: 12
A55: 24 | B55: ТЕРм11-08-001-01 Постан.Правит.Свердл.обл. от 10.11.10 №1616-ПП | C55: Присоединение к приборам электрических проводок под винт с оконцеванием наконечником НР (8 руб.): 80% от ФОТ (10 руб.) СП (6 руб.): 60% от ФОТ (10 руб.) | D55: 100 концов | E55: 0,05 5 / 100 | F55: 223.41 | G55: 160.12 | J55: 11 | K55: 8 | N55: 11.3 | O55: 0.57
A56: Монтажные узлы и изделия
A57: 26 | B57: Материалы по прайс-листам | C57: Пластиковая труба со встроенной пластиковой опорой XVBZ02 | D57: шт | E57: 2 | F57: 161,5 965,75/ИндексМ | J57: 323
A58: 27 | B58: Материалы по прайс-листам | C58: Монтажная плата (вертикальный кронштейн) XVBС12 | D58: шт | E58: 2 | F58: 141,14 844,03/ИндексМ | J58: 282
A59: Щиты и пульты
A60: 28 | B60: ТЕРм11-06-001-01 Постан.Правит.Свердл.обл. от 10.11.10 №1616-ПП | C60: Щиты и пульты, масса до 50 кг НР (62 руб.): 80% от ФОТ (78 руб.) СП (47 руб.): 60% от ФОТ (78 руб.) | D60: 1 шт. | E60: 1 | F60: 159.05 | G60: 64.27 | H60: 13.7 | I60: 0.73 | J60: 159 | K60: 64 | L60: 14 | M60: 1 | N60: 5.15 | O60: 5.15 | P60: 0.04 | Q60: 0.04
A61: 29 | B61: Оборудование по прайс-листам | C61: Шкаф настенный из стали с монтажной платой Spacial S3D 600х500х250 NSYS3D6525P | D61: шт | E61: 1 | F61: 1389,61 5850,26/ИндексОБ | J61: 1390
A62: 30 | B62: Оборудование по прайс-листам | C62: Симметричная DIN-рейка L=450 тип А NSYSDR50A | D62: шт | E62: 2 | F62: 85,42 359,62/ИндексОБ | J62: 171
A63: 31 | B63: Оборудование по прайс-листам | C63: Плата кабельного ввода стандартная NSYTLE | D63: шт | E63: 1 | F63: 117,53 494,82/ИндексОБ | J63: 118
A64: 32 | B64: Оборудование по прайс-листам | C64: Кабель заземления NSYEL166D6 | D64: шт | E64: 2 | F64: 17,49 73,62/ИндексОБ | J64: 35
A65: 33 | B65: Оборудование по прайс-листам | C65: Проушины для настенного монтажа NSYAEFPFSC | D65: компл | E65: 1 | F65: 71,94 302,88/ИндексОБ | J65: 72
A66: 34 | B66: Оборудование по прайс-листам | C66: Герметичный кабельный сальник М20 ISM71503 | D66: шт | E66: 8 | F66: 9,09 38,28/ИндексОБ | J66: 73
A67: 35 | B67: Оборудование по прайс-листам | C67: Уплотнение IMT36153 | D67: шт | E67: 8 | F67: 1,62 6,84/ИндексОБ | J67: 13
A68: 36 | B68: ТЕРм11-06-002-02 Постан.Правит.Свердл.обл. от 10.11.10 №1616-ПП | C68: Электрические проводки в щитах и пультах малогабаритных НР (38 руб.): 80% от ФОТ (47 руб.) СП (28 руб.): 60% от ФОТ (47 руб.) | D68: 100 м | E68: 0,2 20 / 100 | F68: 207.18 | G68: 193.69 | J68: 41 | K68: 39 | N68: 12.4 | O68: 2.48
A69: 37 | B69: ТСЦ-502-0511 Постан.Правит.Свердл.обл. от 10.11.10 №1616-ПП | C69: Провода силовые для электрических установок на напряжение до 450 В с медной жилой марки ПВ3, сечением 0,75 мм2 | D69: 1000 м | E69: 0,02 20 / 1000 | F69: 879.01 | J69: 18
A70: Электроаппараты, поставляемые комплектно со щитами управления
A71: 38 | B71: ТЕРм08-03-575-01 Постан.Правит.Свердл.обл. от 10.11.10 №1616-ПП | C71: Монтаж. Кнопка НР (53 руб.): 95% от ФОТ (56 руб.) СП (36 руб.): 65% от ФОТ (56 руб.) | D71: 1 шт. | E71: 3 2+1 | F71: 16.3 | G71: 15.65 | J71: 49 | K71: 47 | N71: 1.12 | O71: 3.36
A72: 39 | B72: Оборудование по прайс-листам | C72: Кнопка с пружинным возвратом, красная в комплекте ZB4 BA4+ZB4 BZ101 | D72: шт | E72: 2 | F72: 39,68 167,06/ИндексОБ | J72: 79
A73: 40 | B73: Оборудование по прайс-листам | C73: Кнопка с потайным толкателем, черная в комплекте ХB4 BA21+4ZBЕ101 | D73: шт | E73: 1 | F73: 80,5 338,91/ИндексОБ | J73: 81
A74: 41 | B74: ТЕРм08-03-575-01 Постан.Правит.Свердл.обл. от 10.11.10 №1616-ПП | C74: Монтаж. Выключатель автоматический НР (72 руб.): 95% от ФОТ (76 руб.) СП (49 руб.): 65% от ФОТ (76 руб.) | D74: 1 шт. | E74: 4 3+1 | F74: 16.3 | G74: 15.65 | J74: 65 | K74: 63 | N74: 1.12 | O74: 4.48
A75: 42 | B75: Оборудование по прайс-листам | C75: Выключатель автоматический однополюсный, iC60N 1P 0,5A C A9F74170 | D75: шт | E75: 3 | F75: 329,99 1389,27/ИндексОБ | J75: 990
A76: 43 | B76: Оборудование по прайс-листам | C76: Выключатель автоматический однополюсный, iC60N 1P 3,0A C A9F74103 | D76: шт | E76: 1 | F76: 167,27 704,2/ИндексОБ | J76: 167
A77: 44 | B77: ТЕРм08-03-575-01 Постан.Правит.Свердл.обл. от 10.11.10 №1616-ПП | C77: Монтаж. Арматура светосигнальная НР (35 руб.): 95% от ФОТ (37 руб.) СП (24 руб.): 65% от ФОТ (37 руб.) | D77: 1 шт. | E77: 2 | F77: 16.3 | G77: 15.65 | J77: 33 | K77: 31 | N77: 1.12 | O77: 2.24
A78: 45 | B78: Оборудование по прайс-листам | C78: Арматура светосигнальная, зеленая XB4BVM3 | D78: шт | E78: 2 | F78: 149,55 629,62/ИндексОБ | J78: 299
A79: 46 | B79: ТЕРм08-03-575-01 Постан.Правит.Свердл.обл. от 10.11.10 №1616-ПП | C79: Монтаж. Реле, розетка для реле НР (143 руб.): 95% от ФОТ (150 руб.) СП (98 руб.): 65% от ФОТ (150 руб.) | D79: 1 шт. | E79: 8 4+4 | F79: 16.3 | G79: 15.65 | J79: 130 | K79: 125 | N79: 1.12 | O79: 8.96
A80: 47 | B80: Оборудование по прайс-листам | C80: Реле с 4-мя перекидными контактами 55.34.8.230.0000 | D80: шт | E80: 4 | F80: 61,38 6,93*44/1,18/ИндексОБ | J80: 246
A81: 48 | B81: Оборудование по прайс-листам | C81: Розетка для реле 94.74 | D81: шт | E81: 4 | F81: 31,71 3,58*44/1,18/ИндексОБ | J81: 127
A82: 49 | B82: Оборудование по прайс-листам | C82: Клемма проходная, серая WKF 2,5/35 56.703.0053.0 | D82: шт | E82: 11 | F82: 9,02 44,8/1,18/ИндексОБ | J82: 99
A83: 50 | B83: Оборудование по прайс-листам | C83: Клемма проходная, синяя WKF 2,5/35 BLAU 56.703.0053.6 | D83: шт | E83: 6 | F83: 10,35 51,4/1,18/ИндексОБ | J83: 62
A84: 51 | B84: Оборудование по прайс-листам | C84: Клемма проходная, желто-зеленая WKF 2,5/SL35 56.703.9053.0 | D84: шт | E84: 1 | F84: 34,62 172/1,18/ИндексОБ | J84: 35
A85: 52 | B85: Оборудование по прайс-листам | C85: Соединительный мостик IVB WKF-2,5-2 Z7.280.6227.0 | D85: шт | E85: 1 | F85: 3,52 17,5/1,18/ИндексОБ | J85: 4
A86: 53 | B86: Оборудование по прайс-листам | C86: Соединительный мостик IVB WKF-2,5-4 Z7.280.6427.0 | D86: шт | E86: 1 | F86: 10 49,7/1,18/ИндексОБ | J86: 10
A87: 54 | B87: Оборудование по прайс-листам | C87: Пластина разделительная ТWF-2,5-4 07.312.2253.0 | D87: шт | E87: 1 | F87: 4,03 20/1,18/ИндексОБ | J87: 4
A88: 55 | B88: Оборудование по прайс-листам | C88: Стопор боковой с шильдиком WЕF 1 BS/35 69.920.1053.0 | D88: шт | E88: 1 | F88: 43,88 218/1,18/ИндексОБ | J88: 44
A89: 56 | B89: Оборудование по прайс-листам | C89: Стопор боковой WЕF 1/35 Z5.523.9353.0 | D89: шт | E89: 1 | F89: 6,36 31,6/1,18/ИндексОБ | J89: 6
A90: 57 | B90: Оборудование по прайс-листам | C90: Маркировочная карта 9705AL/5/10/6 Z4.242.5153.0 | D90: шт | E90: 1 | F90: 28,79 143/1,18/ИндексОБ | J90: 29
A91: 58 | B91: Оборудование по прайс-листам | C91: Рамка для надписей РПМ30х15 | D91: шт | E91: 9 | F91: 1,19 5,9/1,18/ИндексОБ | J91: 11
A92: 59 | B92: Оборудование по прайс-листам | C92: Рамка для надписей РПМ66х26 | D92: шт | E92: 6 | F92: 1,43 7,08/1,18/ИндексОБ | J92: 9
A93: Итого прямые затраты по разделу в ценах 2001г. | J93: 46190 | K93: 1167 | L93: 357 | M93: 138 | O93: 84.33 | Q93: 8.8
A94: Итого прямые затраты по разделу с учетом коэффициентов к итогам | J94: 48305 | K94: 1400 | L94: 428 | M94: 165 | O94: 101.19 | Q94: 10.56
A95: Накладные расходы | J95: 1367
A96: Сметная прибыль | J96: 978
A97: Итоги по разделу 1 Контроль атмосферы :
A98: Итого Монтажные работы | J98: 6546 | O98: 101.19 | Q98: 10.56
A99: Итого Оборудование | J99: 44104
A100: Итого | J100: 50650 | O100: 101.19 | Q100: 10.56
A101: В том числе:
A102: Материалы | J102: 2373
A103: Машины и механизмы | J103: 428
A104: ФОТ | J104: 1565
A105: Оборудование | J105: 44104
A106: Накладные расходы | J106: 1367
A107: Сметная прибыль | J107: 978
...

Sheet 16370-АР
A1: СОГЛАСОВАНО: | M1: УТВЕРЖДАЮ:
A4: _________________ | M4: _________________
A5: " _____ " ________________ 2013 г. | M5: "____" ______________2013 г.
H6: ФГУП "Комбинат "Электрохимприбор", г. Лесной
H7: (наименование стройки)
H9: ЛОКАЛЬНЫЙ СМЕТНЫЙ РАСЧЕТ № 16370-АР.СМ2 (взамен 16370-АР.СМ1)
H10: (локальная смета)
A12: Архитектурные решения. Станция газификации (техперевооружение с монтажом установки длительного хранения УДХ10-02 и газификатора ГУ-0,3/0,3"
H13: (наименование работ и затрат, наименование объекта)
D15: Основание: 16370-АР
D16: Сметная стоимость строительных работ _______________________________________________________________________________________________ | J16: ___________________________38348 | L16: руб.
D17: Средства на оплату труда _______________________________________________________________________________________________ | J17: ___________________________8250 | L17: руб.
D18: Сметная трудоемкость _______________________________________________________________________________________________ | J18: _______________________________________________________________________________________________595,76 | L18: чел.час
D19: Составлен(а) в базисных ценах 2001 г.( в редакции 2009)
A22: № пп | B22: Обосно- вание | C22: Наименование | D22: Ед. изм. | E22: Кол. | F22: Стоимость единицы, руб. | J22: Общая стоимость, руб. | N22: Т/з осн. раб.на ед. | O22: Т/з осн. раб. Всего | P22: Т/з мех. на ед. | Q22: Т/з мех. Всего
F23: Всего | G23: В том числе | J23: Всего | K23: В том числе
G24: Осн.З/п | H24: Эк.Маш | I24: З/пМех | K24: Осн.З/п | L24: Эк.Маш | M24: З/пМех
A25: 1 | B25: 2 | C25: 3 | D25: 4 | E25: 5 | F25: 6 | G25: 7 | H25: 8 | I25: 9 | J25: 10 | K25: 11 | L25: 12 | M25: 13 | N25: 14 | O25: 15 | P25: 16 | Q25: 17
A26: Раздел 1. Ремонтные работы
A27: Помещение газификатора
A28: 1 | B28: ТЕР15-02-016-01 Постан.Правит.Свердл.обл. от 10.11.10 №1616-ПП | C28: Штукатурка поверхностей внутри здания цементно-известковым или цементным раствором по камню и бетону простая стен НР (2463 руб.): 105% от ФОТ (2346 руб.) СП (1290 руб.): 55% от ФОТ (2346 руб.) | D28: 100 м2 оштукатуриваемой поверхности | E28: 1,8828 188,28 / 100 | F28: 2218.68 | G28: 963.61 | H28: 173.44 | I28: 75.15 | J28: 4177 | K28: 1814 | L28: 327 | M28: 141 | N28: 75.4 | O28: 141.96 | P28: 6.07 | Q28: 11.43
A29: 2 | B29: ТЕР15-04-005-01 Постан.Правит.Свердл.обл. от 10.11.10 №1616-ПП | C29: Окраска поливинилацетатными водоэмульсионными составами простая по штукатурке и сборным конструкциям стен, подготовленным под окраску НР (455 руб.): 105% от ФОТ (433 руб.) СП (238 руб.): 55% от ФОТ (433 руб.) | D29: 100 м2 окрашиваемой поверхности | E29: 1,8828 188,28 / 100 | F29: 1320.88 | G29: 191.72 | H29: 9.14 | I29: 0.16 | J29: 2487 | K29: 361 | L29: 17 | N29: 15.18 | O29: 28.58 | P29: 0.01 | Q29: 0.02
A30: 3 | B30: ТЕР15-02-001-01 Постан.Правит.Свердл.обл. от 10.11.10 №1616-ПП | C30: Улучшенная штукатурка фасадов цементно-известковым раствором по камню стен НР (775 руб.): 105% от ФОТ (738 руб.) СП (406 руб.): 55% от ФОТ (738 руб.) | D30: 100 м2 оштукатуриваемой поверхности | E30: 0,6183 61,83 / 100 | F30: 2288.85 | G30: 960.42 | H30: 84.88 | I30: 33.39 | J30: 1415 | K30: 594 | L30: 52 | M30: 21 | N30: 70.88 | O30: 43.83 | P30: 2.78 | Q30: 1.72
A31: 4 | B31: ТЕР15-04-013-01 Постан.Правит.Свердл.обл. от 10.11.10 №1616-ПП | C31: Окраска фасадов с лесов по подготовленной поверхности известковая НР (43 руб.): 105% от ФОТ (41 руб.) СП (23 руб.): 55% от ФОТ (41 руб.) | D31: 100 м2 фасада | E31: 0,6183 61,83 / 100 | F31: 93.38 | G31: 54.58 | H31: 2.45 | J31: 58 | K31: 34 | L31: 2 | N31: 4.43 | O31: 2.74
A32: 5 | B32: ТЕРр61-4-11 Постан.Правит.Свердл.обл. от 10.11.10 №1616-ПП | C32: Ремонт штукатурки потолков по камню и бетону цементно-известковым раствором, площадью отдельных мест более 10 м2 толщиной слоя до 20 мм НР (456 руб.): 79% от ФОТ (577 руб.) СП (289 руб.): 50% от ФОТ (577 руб.) | D32: 100 м2 отремонтированной поверхности | E32: 0,2277 22,77 / 100 | F32: 4071.13 | G32: 2522.59 | H32: 29.02 | I32: 11.25 | J32: 927 | K32: 574 | L32: 7 | M32: 3 | N32: 199.73 | O32: 45.48 | P32: 0.72 | Q32: 0.16
A33: Помещение УДХ
A34: 6 | B34: ТЕР15-02-016-01 Постан.Правит.Свердл.обл. от 10.11.10 №1616-ПП | C34: Штукатурка поверхностей внутри здания цементно-известковым или цементным раствором по камню и бетону простая стен НР (413 руб.): 105% от ФОТ (393 руб.) СП (216 руб.): 55% от ФОТ (393 руб.) | D34: 100 м2 оштукатуриваемой поверхности | E34: 0,314 31,4 / 100 | F34: 2218.68 | G34: 963.61 | H34: 173.44 | I34: 75.15 | J34: 697 | K34: 303 | L34: 54 | M34: 24 | N34: 75.4 | O34: 23.68 | P34: 6.07 | Q34: 1.91
A35: 7 | B35: ТЕР15-04-005-01 Постан.Правит.Свердл.обл. от 10.11.10 №1616-ПП | C35: Окраска поливинилацетатными водоэмульсионными составами простая по штукатурке и сборным конструкциям стен, подготовленным под окраску НР (76 руб.): 105% от ФОТ (72 руб.) СП (40 руб.): 55% от ФОТ (72 руб.) | D35: 100 м2 окрашиваемой поверхности | E35: 0,314 31,4 / 100 | F35: 1320.88 | G35: 191.72 | H35: 9.14 | I35: 0.16 | J35: 415 | K35: 60 | L35: 3 | N35: 15.18 | O35: 4.77 | P35: 0.01
A36: 8 | B36: ТЕР13-06-003-01 Постан.Правит.Свердл.обл. от 10.11.10 №1616-ПП | C36: Очистка поверхности стального каркаса щетками НР (533 руб.): 90% от ФОТ (592 руб.) СП (414 руб.): 70% от ФОТ (592 руб.) | D36: 1 м2 очищаемой поверхности | E36: 43.78 | F36: 10.81 | G36: 10.81 | J36: 473 | K36: 473 | N36: 0.9 | O36: 39.4
A37: 9 | B37: ТЕР13-06-004-01 Постан.Правит.Свердл.обл. от 10.11.10 №1616-ПП | C37: Обеспыливание поверхности стального каркаса НР (59 руб.): 90% от ФОТ (66 руб.) СП (46 руб.): 70% от ФОТ (66 руб.) | D37: 1 м2 обеспыливаемой поверхности | E37: 43.78 | F37: 2.59 | G37: 1.2 | H37: 1.39 | J37: 113 | K37: 53 | L37: 60 | N37: 0.1 | O37: 4.38
A38: 10 | B38: ТЕР13-03-002-04 Постан.Правит.Свердл.обл. от 10.11.10 №1616-ПП | C38: Огрунтовка металлических поверхностей стального каркаса за один раз грунтовкой ГФ-021 НР (40 руб.): 90% от ФОТ (44 руб.) СП (31 руб.): 70% от ФОТ (44 руб.) | D38: 100 м2 окрашиваемой поверхности | E38: 0,4378 43,78 / 100 | F38: 417.46 | G38: 79.65 | H38: 10.15 | I38: 0.16 | J38: 183 | K38: 35 | L38: 4 | N38: 5.31 | O38: 2.32 | P38: 0.01
A39: 11 | B39: ТЕР13-03-004-26 Постан.Правит.Свердл.обл. от 10.11.10 №1616-ПП | C39: Окраска металлических огрунтованных поверхностей стального каркаса эмалью ПФ-115 за 2 раза (за 2 раза ПЗ=2 (ОЗП=2; ЭМ=2 к расх.; ЗПМ=2; МАТ=2 к расх.; ТЗ=2; ТЗМ=2)) НР (49 руб.): 90% от ФОТ (54 руб.) СП (38 руб.): 70% от ФОТ (54 руб.) | D39: 100 м2 окрашиваемой поверхности | E39: 0,4378 43,78 / 100 | F39: 1261.82 | G39: 97.9 | H39: 13.36 | I39: 0.32 | J39: 552 | K39: 43 | L39: 6 | N39: 7.66 | O39: 3.35 | P39: 0.02 | Q39: 0.01
A40: 12 | B40: ТЕРр61-25-1 Постан.Правит.Свердл.обл. от 10.11.10 №1616-ПП | C40: Очистка поверхности фасадов из профлиста пескоструйным аппаратом НР (224 руб.): 79% от ФОТ (284 руб.) СП (142 руб.): 50% от ФОТ (284 руб.) | D40: 100 м2 очищенной поверхности | E40: 0,804 80,4 / 100 | F40: 1206.01 | G40: 228.76 | H40: 963.08 | I40: 124.12 | J40: 970 | K40: 184 | L40: 774 | M40: 100 | N40: 18.33 | O40: 14.74 | P40: 9.16 | Q40: 7.36
A41: 13 | B41: ТЕР13-03-002-04 Постан.Правит.Свердл.обл. от 10.11.10 №1616-ПП | C41: Огрунтовка металлических поверхностей за один раз грунтовкой ГФ-021 НР (72 руб.): 90% от ФОТ (80 руб.) СП (56 руб.): 70% от ФОТ (80 руб.) | D41: 100 м2 окрашиваемой поверхности | E41: 0,804 80,4 / 100 | F41: 417.46 | G41: 79.65 | H41: 10.15 | I41: 0.16 | J41: 336 | K41: 64 | L41: 8 | N41: 5.31 | O41: 4.27 | P41: 0.01 | Q41: 0.01
A42: 14 | B42: ТЕР13-03-004-26 Постан.Правит.Свердл.обл. от 10.11.10 №1616-ПП | C42: Окраска металлических огрунтованных поверхностей эмалью ПФ-115 за 2 раза (за 2 раза ПЗ=2 (ОЗП=2; ЭМ=2 к расх.; ЗПМ=2; МАТ=2 к расх.; ТЗ=2; ТЗМ=2)) НР (88 руб.): 90% от ФОТ (98 руб.) СП (69 руб.): 70% от ФОТ (98 руб.) | D42: 100 м2 окрашиваемой поверхности | E42: 0,804 80,4 / 100 | F42: 1261.82 | G42: 97.9 | H42: 13.36 | I42: 0.32 | J42: 1015 | K42: 79 | L42: 11 | N42: 7.66 | O42: 6.16 | P42: 0.02 | Q42: 0.02
A43: 15 | B43: ТЕРр61-25-1 Постан.Правит.Свердл.обл. от 10.11.10 №1616-ПП | C43: Очистка поверхности кровельного покрытия из профлиста пескоструйным аппаратом НР (160 руб.): 79% от ФОТ (202 руб.) СП (101 руб.): 50% от ФОТ (202 руб.) | D43: 100 м2 очищенной поверхности | E43: 0,5731 57,31 / 100 | F43: 1206.01 | G43: 228.76 | H43: 963.08 | I43: 124.12 | J43: 691 | K43: 131 | L43: 552 | M43: 71 | N43: 18.33 | O43: 10.5 | P43: 9.16 | Q43: 5.25
A44: 16 | B44: ТЕР13-03-002-04 Постан.Правит.Свердл.обл. от 10.11.10 №1616-ПП | C44: Огрунтовка металлических поверхностей за один раз грунтовкой ГФ-021 НР (52 руб.): 90% от ФОТ (58 руб.) СП (41 руб.): 70% от ФОТ (58 руб.) | D44: 100 м2 окрашиваемой поверхности | E44: 0,5731 57,31 / 100 | F44: 417.46 | G44: 79.65 | H44: 10.15 | I44: 0.16 | J44: 239 | K44: 46 | L44: 6 | N44: 5.31 | O44: 3.04 | P44: 0.01 | Q44: 0.01
A45: 17 | B45: ТЕР13-03-004-26 Постан.Правит.Свердл.обл. от 10.11.10 №1616-ПП | C45: Окраска металлических огрунтованных поверхностей эмалью ПФ-115 за 2 раза (за 2 раза ПЗ=2 (ОЗП=2; ЭМ=2 к расх.; ЗПМ=2; МАТ=2 к расх.; ТЗ=2; ТЗМ=2)) НР (63 руб.): 90% от ФОТ (70 руб.) СП (49 руб.): 70% от ФОТ (70 руб.) | D45: 100 м2 окрашиваемой поверхности | E45: 0,5731 57,31 / 100 | F45: 1261.82 | G45: 97.9 | H45: 13.36 | I45: 0.32 | J45: 723 | K45: 56 | L45: 8 | N45: 7.66 | O45: 4.39 | P45: 0.02 | Q45: 0.01
A46: 18 | B46: ТЕР46-04-009-01 Постан.Правит.Свердл.обл. от 10.11.10 №1616-ПП | C46: Разборка бетонных стяжек НР (680 руб.): 110% от ФОТ (618 руб.) СП (433 руб.): 70% от ФОТ (618 руб.) | D46: 1 м3 | E46: 4,004 80,08*0,05 | F46: 495.3 | G46: 114.13 | H46: 381.17 | I46: 35.3 | J46: 1983 | K46: 457 | L46: 1526 | M46: 141 | N46: 8.93 | O46: 35.76 | P46: 2.26 | Q46: 9.05
A47: 19 | B47: ФССЦпг01-01-01-043 И1-Пр. Минрегион от 05.05.12 №189 | C47: Погрузочные работы при автомобильных перевозках: мусора строительного с погрузкой экскаваторами емкостью ковша до 0,5 м3 (ОП п.1.1.9 Прил.1Поясной коэффициент: Пермский край (кроме Красновишерского, Чердынского, Гайнского, Косинского, Кочевского районов), Республика Башкортостан, Республика Алтай, Вологодская, Кемеровская, Кировская, Курганская, Омская, Оренбургская, Новосибирская, Свердловская, Челябинская области ПЗ=1,1 (ОЗП=1,1; ЭМ=1,1; ЗПМ=1,1; МАТ=1,1)) НР 0% от ФОТ СП 0% от ФОТ | D47: 1 т груза | E47: 8,8088 4,004*2,2 | F47: 3.88 | H47: 3.88 | J47: 34 | L47: 34
A48: 20 | B48: ФССЦпг03-21-01-055 Пр. Минрегион от 20.07.11 №354 | C48: Перевозка грузов автомобилями-самосвалами грузоподъемностью 10 т, работающих вне карьера, на расстояние: до 55 км I класс груза НР 0% от ФОТ СП 0% от ФОТ | D48: 1 т груза | E48: 8,8088 4,004*2,2 | F48: 29.13 | H48: 29.13 | J48: 257 | L48: 257
A49: 21 | B49: ТЕР11-01-011-03 Постан.Правит.Свердл.обл. от 10.11.10 №1616-ПП | C49: Устройство стяжек бетонных толщиной 20 мм НР (552 руб.): 123% от ФОТ (449 руб.) СП (337 руб.): 75% от ФОТ (449 руб.) | D49: 100 м2 стяжки | E49: 0,8008 80,08 / 100 | F49: 1726.02 | G49: 446.74 | H49: 53.81 | I49: 19.84 | J49: 1382 | K49: 358 | L49: 43 | M49: 16 | N49: 40.65 | O49: 32.55 | P49: 1.27 | Q49: 1.02
A50: 22 | B50: ТЕР11-01-011-04 Постан.Правит.Свердл.обл. от 10.11.10 №1616-ПП | C50: Устройство стяжек на каждые 5 мм изменения толщины стяжки добавлять к расценке 11-01-011-03 до толщ. 50 мм (до толщ. 50 мм ПЗ=6 (ОЗП=6; ЭМ=6 к расх.; ЗПМ=6; МАТ=6 к расх.; ТЗ=6; ТЗМ=6)) НР (62 руб.): 123% от ФОТ (50 руб.) СП (38 руб.): 75% от ФОТ (50 руб.) | D50: 100 м2 стяжки | E50: 0,8008 80,08 / 100 | F50: 1904.16 | G50: 33 | H50: 58.56 | I50: 19.68 | J50: 1525 | K50: 26 | L50: 47 | M50: 16 | N50: 3 | O50: 2.4 | P50: 1.26 | Q50: 1.01
A51: 23 | B51: ТЕР11-01-021-01 Постан.Правит.Свердл.обл. от 10.11.10 №1616-ПП | C51: Устройство покрытий полимерцементных однослойных наливных толщиной 4 мм НР (1212 руб.): 123% от ФОТ (985 руб.) СП (739 руб.): 75% от ФОТ (985 руб.) | D51: 100 м2 покрытия | E51: 0,8008 80,08 / 100 | F51: 3587.21 | G51: 868.61 | H51: 319.62 | I51: 156.14 | J51: 2873 | K51: 696 | L51: 256 | M51: 125 | N51: 69.6 | O51: 55.74 | P51: 10.68 | Q51: 8.55
A52: Итого прямые затраты по разделу в ценах 2001г. | J52: 23525 | K52: 6441 | L52: 4054 | M52: 658 | O52: 510.04 | Q52: 47.54
A53: Итого прямые затраты по разделу с учетом коэффициентов к итогам | J53: 24789 | K53: 7524 | L53: 4235 | M53: 726 | O53: 595.76 | Q53: 52.69
A54: Накладные расходы | J54: 8525
A55: Сметная прибыль | J55: 5034
A56: Итоги по разделу 1 Ремонтные работы :
A57: Отделочные работы | J57: 16408 | O57: 294.67 | Q57: 18.1
A58: Штукатурные работы (ремонтно-строительные) | J58: 3960 | O58: 70.72 | Q58: 12.77
A59: Защита строительных конструкций и оборудования от коррозии | J59: 5570 | O59: 84.24 | Q59: 0.07
A60: Работы по реконструкции зданий и сооружений (усиление и замена существующих конструкций, разборка и возведение отдельных конструктивных элементов) | J60: 3116 | O60: 37.3 | Q60: 9.05
A61: Погрузо-разгрузочные работы | J61: 34
A62: Перевозка грузов автотранспортом | J62: 257
A63: Полы | J63: 9003 | O63: 108.83 | Q63: 12.7
A64: Итого | J64: 38348 | O64: 595.76 | Q64: 52.69
A65: В том числе:
A66: Материалы | J66: 13030
A67: Машины и механизмы | J67: 4235
A68: ФОТ | J68: 8250
A69: Накладные расходы | J69: 8525
A70: Сметная прибыль | J70: 5034
A71: Итого по разделу 1 Ремонтные работы | J71: 38348 | O71: 595.76 | Q71: 52.69
A72: ИТОГИ ПО СМЕТЕ:
A73: Итого прямые затраты по смете в ценах 2001г. | J73: 23525 | K73: 6441 | L73: 4054 | M73: 658 | O73: 510.04 | Q73: 47.54
A74: Итого прямые затраты по смете с учетом коэффициентов к итогам | J74: 24789 | K74: 7524 | L74: 4235 | M74: 726 | O74: 595.76 | Q74: 52.69
A75: В том числе, справочно:
A76: Поправочный коэффициент к оплате труда рабочих и механизаторов (1,2/1,15) ОЗП=1,043; ТЗ=1,043 (Поз. 8-11, 13-14, 16-18) | J76: 57 | K76: 56 | O76: 4.432
A77: 2. Производство строительных и других работ в существующих зданиях и сооружениях, освобожденных от оборудования и других предметов, мешающих нормальному производству работ ОЗП=1,2; ЭМ=1,2; ЗПМ=1,2; ТЗ=1,2; ТЗМ=1,2 (Поз. 1-4, 6-11, 13-14, 16-17, 21-23) | J77: 1207 | K77: 1026 | L77: 181 | M77: 69 | O77: 81.29 | Q77: 5.144
A78: Накладные расходы | J78: 8525
A79: В том числе, справочно:
A80: 79% ФОТ (от 1063) (Поз. 5, 12, 15) | J80: 840
A81: 90% ФОТ (от 1063) (Поз. 8-11, 13-14, 16-17) | J81: 957
A82: 105% ФОТ (от 4022) (Поз. 1-4, 6-7) | J82: 4223
A83: 110% ФОТ (от 618) (Поз. 18) | J83: 680
A84: 123% ФОТ (от 1484) (Поз. 21-23) | J84: 1825
A85: Сметная прибыль | J85: 5034
A86: В том числе, справочно:
A87: 50% ФОТ (от 1063) (Поз. 5, 12, 15) | J87: 532
A88: 55% ФОТ (от 4022) (Поз. 1-4, 6-7) | J88: 2212
A89: 70% ФОТ (от 1681) (Поз. 8-11, 13-14, 16-18) | J89: 1177
A90: 75% ФОТ (от 1484) (Поз. 21-23) | J90: 1113
A91: Итоги по смете:
A92: Отделочные работы:
A93: Итого Поз. 1-4, 6-7 | J93: 9249 | K93: 3166 | L93: 455 | M93: 186 | O93: 245.56 | Q93: 15.08
A94: Всего с учетом "2. Производство строительных и других работ в существующих зданиях и сооружениях, освобожденных от оборудования и других предметов, мешающих нормальному производству работ ОЗП=1,2; ЭМ=1,2; ЗПМ=1,2; ТЗ=1,2; ТЗМ=1,2" | J94: 9973 | K94: 3799 | L94: 546 | M94: 223 | O94: 294.67 | Q94: 18.1
A95: Накладные расходы 105% ФОТ (от 4 022) | J95: 4223
A96: Сметная прибыль 55% ФОТ (от 4 022) | J96: 2212
A97: Итого c накладными и см. прибылью | J97: 16408 | O97: 294.67 | Q97: 18.1
A98: Штукатурные работы (ремонтно-строительные):
A99: Итого Поз. 5, 12, 15 | J99: 2588 | K99: 889 | L99: 1333 | M99: 174 | O99: 70.72 | Q99: 12.77
A100: Накладные расходы 79% ФОТ (от 1 063) | J100: 840
A101: Сметная прибыль 50% ФОТ (от 1 063) | J101: 532
A102: Итого c накладными и см. прибылью | J102: 3960 | O102: 70.72 | Q102: 12.77
A103: Защита строительных конструкций и оборудования от коррозии:
A104: Итого Поз. 8-11, 13-14, 16-17 | J104: 3634 | K104: 849 | L104: 103 | O104: 67.31 | Q104: 0.06
A105: Всего с учетом "Поправочный коэффициент к оплате труда рабочих и механизаторов (1,2/1,15) ОЗП=1,043; ТЗ=1,043" | J105: 3671 | K105: 886 | L105: 103 | O105: 70.2 | Q105: 0.06
A106: Всего с учетом "2. Производство строительных и других работ в существующих зданиях и сооружениях, освобожденных от оборудования и других предметов, мешающих нормальному производству работ ОЗП=1,2; ЭМ=1,2; ЗПМ=1,2; ТЗ=1,2; ТЗМ=1,2" | J106: 3869 | K106: 1063 | L106: 124 | O106: 84.24 | Q106: 0.07
A107: Накладные расходы 90% ФОТ (от 1 063) | J107: 957
...

Sheet 16370-АТХ
A1: СОГЛАСОВАНО: | M1: УТВЕРЖДАЮ:
A4: _________________ | M4: _________________
A5: " _____ " ________________ 2013 г. | M5: "____" ______________2013 г.
H6: ФГУП "Комбинат "Электрохимприбор", г. Лесной
H7: (наименование стройки)
H9: ЛОКАЛЬНЫЙ СМЕТНЫЙ РАСЧЕТ № 16370-АТХ.СМ1 (взамен 16370-АТХ.СМ)
H10: (локальная смета)
A12: Автоматизация технологического оборудования. Станция газификации (техперевооружение с монтажом установки длительного хранения УДХ10-02 и газификатора ГУ-0,3/0,3"
H13: (наименование работ и затрат, наименование объекта)
D15: Основание: 16370-АТХ
D16: Сметная стоимость _______________________________________________________________________________________________ | J16: ___________________________2044 | L16: руб.
D17: монтажных работ _______________________________________________________________________________________________ | J17: _______________________________________________________________________________________________2009 | L17: руб.
D18: оборудования _______________________________________________________________________________________________ | J18: _______________________________________________________________________________________________35 | L18: руб.
D19: Средства на оплату труда _______________________________________________________________________________________________ | J19: ___________________________287 | L19: руб.
D20: Сметная трудоемкость _______________________________________________________________________________________________ | J20: _______________________________________________________________________________________________16,59 | L20: чел.час
D21: Составлен(а) в базисных ценах 2001 г.( в редакции 2009)
A24: № пп | B24: Обосно- вание | C24: Наименование | D24: Ед. изм. | E24: Кол. | F24: Стоимость единицы, руб. | J24: Общая стоимость, руб. | N24: Т/з осн. раб.на ед. | O24: Т/з осн. раб. Всего | P24: Т/з мех. на ед. | Q24: Т/з мех. Всего
F25: Всего | G25: В том числе | J25: Всего | K25: В том числе
G26: Осн.З/п | H26: Эк.Маш | I26: З/пМех | K26: Осн.З/п | L26: Эк.Маш | M26: З/пМех
A27: 1 | B27: 2 | C27: 3 | D27: 4 | E27: 5 | F27: 6 | G27: 7 | H27: 8 | I27: 9 | J27: 10 | K27: 11 | L27: 12 | M27: 13 | N27: 14 | O27: 15 | P27: 16 | Q27: 17
A28: Раздел 1. Приборы и средства автоматизации
A29: 1 | B29: ТЕРм11-02-001-01 Постан.Правит.Свердл.обл. от 10.11.10 №1616-ПП | C29: Монтаж. Термометр технический НР (14 руб.): 80% от ФОТ (17 руб.) СП (10 руб.): 60% от ФОТ (17 руб.) | D29: 1 шт. | E29: 1 | F29: 15.88 | G29: 14.39 | J29: 16 | K29: 14 | N29: 1.03 | O29: 1.03
A30: 2 | B30: Оборудование по прайс-листам | C30: Термометр технический жидкостный ТТЖ исп. 1П-4(0...100 град.)-1-240/103 | D30: шт | E30: 1 | F30: 12,75 90/1,18/ИндексМ | J30: 13
A31: 3 | B31: Оборудование по прайс-листам | C31: Оправа защитная 2П 265/100 | D31: шт | E31: 1 | F31: 21,26 150/1,18/ИндексМ | J31: 21
A32: Итого прямые затраты по разделу в ценах 2001г. | J32: 50 | K32: 14 | O32: 1.03
A33: Итого прямые затраты по разделу с учетом коэффициентов к итогам | J33: 54 | K33: 17 | O33: 1.24
A34: Накладные расходы | J34: 14
A35: Сметная прибыль | J35: 10
A36: Итоги по разделу 1 Приборы и средства автоматизации :
A37: Итого Монтажные работы | J37: 43 | O37: 1.24
A38: Итого Оборудование | J38: 35
A39: Итого | J39: 78 | O39: 1.24
A40: В том числе:
A41: Материалы | J41: 2
A42: ФОТ | J42: 17
A43: Оборудование | J43: 35
A44: Накладные расходы | J44: 14
A45: Сметная прибыль | J45: 10
A46: Итого по разделу 1 Приборы и средства автоматизации | J46: 78 | O46: 1.24
A47: Раздел 2. Кабели и провода
A48: 4 | B48: ТЕРм08-02-409-01 Постан.Правит.Свердл.обл. от 10.11.10 №1616-ПП | C48: Труба винипластовая по установленным конструкциям, по стенам и колоннам с креплением скобами, диаметр до 25 мм НР (95 руб.): 95% от ФОТ (100 руб.) СП (65 руб.): 65% от ФОТ (100 руб.) | D48: 100 м | E48: 0,15 15 / 100 | F48: 2435.2 | G48: 315.35 | H48: 611.58 | I48: 248.83 | J48: 365 | K48: 47 | L48: 92 | M48: 37 | N48: 23.8 | O48: 3.57 | P48: 15.91 | Q48: 2.39
A49: 5 | B49: Материалы по прайс-листам | C49: Труба гофрированная ПВХ16 | D49: м | E49: 15 | F49: 0,51 3,6/1,18/ИндексМ | J49: 8
A50: 6 | B50: ТЕРм08-02-409-02 Постан.Правит.Свердл.обл. от 10.11.10 №1616-ПП | C50: Труба винипластовая по установленным конструкциям, по стенам и колоннам с креплением скобами, диаметр до 50 мм НР (48 руб.): 95% от ФОТ (51 руб.) СП (33 руб.): 65% от ФОТ (51 руб.) | D50: 100 м | E50: 0,05 5 / 100 | F50: 2919.81 | G50: 455.8 | H50: 945.62 | I50: 373.18 | J50: 146 | K50: 23 | L50: 47 | M50: 19 | N50: 34.4 | O50: 1.72 | P50: 23.83 | Q50: 1.19
A51: 7 | B51: Материалы по прайс-листам | C51: Труба гофрированная ПВХ32 | D51: м | E51: 5 | F51: 1,77 12,5/1,18/ИндексМ | J51: 9
A52: 8 | B52: ТЕРм08-02-412-02 Постан.Правит.Свердл.обл. от 10.11.10 №1616-ПП | C52: Затягивание провода в проложенные трубы и металлические рукава первого одножильного или многожильного в общей оплетке, суммарное сечение до 6 мм2 НР (21 руб.): 95% от ФОТ (22 руб.) СП (14 руб.): 65% от ФОТ (22 руб.) | D52: 100 м | E52: 0,2 20 / 100 | F52: 676.59 | G52: 89.31 | H52: 5.85 | I52: 0.36 | J52: 135 | K52: 18 | L52: 1 | N52: 6.74 | O52: 1.35 | P52: 0.02
A53: 9 | B53: ТЕРм08-02-412-09 Постан.Правит.Свердл.обл. от 10.11.10 №1616-ПП | C53: Затягивание провода в проложенные трубы и металлические рукава каждого последующего одножильного или многожильного в общей оплетке, суммарное сечение до 6 мм2 НР (6 руб.): 95% от ФОТ (6 руб.) СП (4 руб.): 65% от ФОТ (6 руб.) | D53: 100 м | E53: 0,15 15 / 100 | F53: 248.1 | G53: 30.34 | H53: 2.92 | I53: 0.18 | J53: 37 | K53: 5 | N53: 2.29 | O53: 0.34 | P53: 0.01
A54: 10 | B54: Материалы по прайс-листам | C54: Кабель КВВГнг-LS 4х0,75 | D54: м | E54: 35 | F54: 3,52 24,83/1,18/ИндексМ | J54: 123
A55: 11 | B55: ТЕРм08-02-472-10 Постан.Правит.Свердл.обл. от 10.11.10 №1616-ПП | C55: Проводник заземляющий из медного изолированного провода открыто по строительным основаниям НР (85 руб.): 95% от ФОТ (89 руб.) СП (58 руб.): 65% от ФОТ (89 руб.) | D55: 100 м | E55: 0,12 12 / 100 | F55: 4732.43 | G55: 617.45 | H55: 45.38 | I55: 0.55 | J55: 568 | K55: 74 | L55: 5 | N55: 46.6 | O55: 5.59 | P55: 0.03
A56: 12 | B56: Материалы по прайс-листам | C56: Провод установочный ПуВ1х16 з-ж | D56: м | E56: 12 | F56: 6,12 43,19/1,18/ИндексМ | J56: 73
A57: 13 | B57: ТЕРм11-08-001-01 Постан.Правит.Свердл.обл. от 10.11.10 №1616-ПП | C57: Присоединение к приборам электрических проводок под винт с оконцеванием наконечником НР (3 руб.): 80% от ФОТ (4 руб.) СП (2 руб.): 60% от ФОТ (4 руб.) | D57: 100 концов | E57: 0,02 2 / 100 | F57: 223.41 | G57: 160.12 | J57: 4 | K57: 3 | N57: 11.3 | O57: 0.23
A58: Итого прямые затраты по разделу в ценах 2001г. | J58: 1468 | K58: 170 | L58: 145 | M58: 56 | O58: 12.8 | Q58: 3.58
A59: Итого прямые затраты по разделу с учетом коэффициентов к итогам | J59: 1535 | K59: 204 | L59: 174 | M59: 67 | O59: 15.36 | Q59: 4.3
A60: Накладные расходы | J60: 257
A61: Сметная прибыль | J61: 176
A62: Итоги по разделу 2 Кабели и провода :
A63: Электромонтажные работы на других объектах | J63: 1741 | O63: 15.08 | Q63: 4.3
A64: Материалы для монтажных работ по прайс-листам | J64: 217
A65: Монтаж оборудования | J65: 10 | O65: 0.28
A66: Итого | J66: 1968 | O66: 15.36 | Q66: 4.3
A67: В том числе:
A68: Материалы | J68: 1157
A69: Машины и механизмы | J69: 174
A70: ФОТ | J70: 271
A71: Накладные расходы | J71: 257
A72: Сметная прибыль | J72: 176
A73: Итого по разделу 2 Кабели и провода | J73: 1968 | O73: 15.36 | Q73: 4.3
A74: ИТОГИ ПО СМЕТЕ:
A75: Итого прямые затраты по смете в ценах 2001г. | J75: 1518 | K75: 184 | L75: 145 | M75: 56 | O75: 13.83 | Q75: 3.58
A76: Итого прямые затраты по смете с учетом коэффициентов к итогам | J76: 1588 | K76: 220 | L76: 174 | M76: 67 | O76: 16.59 | Q76: 4.3
A77: В том числе, справочно:
A78: Заготовительно-складские расходы на материалы по прайс-листам МАТ=2% (Поз. 5, 7, 10, 12) | J78: 4
A79: МДС 81-35.2004 п.4.60._Транспортные расходы ПЗ=1,03 (Поз. 2-3) | J79: 1
A80: 1. Производство монтажных работ в существующих зданиях и сооружениях, освобожденных от оборудования и других предметов, мешающих нормальному производству работ. ОЗП=1,2; ЭМ=1,2; ЗПМ=1,2; ТЗ=1,2; ТЗМ=1,2 (Поз. 1, 13, 4, 6, 8-9, 11) | J80: 65 | K80: 37 | L80: 29 | M80: 11 | O80: 2.766 | Q80: 0.716
A81: Накладные расходы | J81: 270
A82: В том числе, справочно:
A83: 80% ФОТ (от 20) (Поз. 1, 13) | J83: 16
A84: 95% ФОТ (от 267) (Поз. 4, 6, 8-9, 11) | J84: 254
A85: Сметная прибыль | J85: 186
A86: В том числе, справочно:
A87: 60% ФОТ (от 20) (Поз. 1, 13) | J87: 12
A88: 65% ФОТ (от 267) (Поз. 4, 6, 8-9, 11) | J88: 174
A89: Итоги по смете:
A90: Итоги по Монтажным работам
A91: Монтаж оборудования:
A92: Итого Поз. 1, 13 | J92: 20 | K92: 17 | O92: 1.26
A93: Всего с учетом "1. Производство монтажных работ в существующих зданиях и сооружениях, освобожденных от оборудования и других предметов, мешающих нормальному производству работ. ОЗП=1,2; ЭМ=1,2; ЗПМ=1,2; ТЗ=1,2; ТЗМ=1,2" | J93: 23 | K93: 20 | O93: 1.51
A94: Накладные расходы 80% ФОТ (от 20) | J94: 16
A95: Сметная прибыль 60% ФОТ (от 20) | J95: 12
A96: Итого c накладными и см. прибылью | J96: 51 | O96: 1.51
A97: Электромонтажные работы на других объектах:
A98: Итого Поз. 4, 6, 8-9, 11 | J98: 1251 | K98: 167 | L98: 145 | M98: 56 | O98: 12.57 | Q98: 3.58
A99: Всего с учетом "1. Производство монтажных работ в существующих зданиях и сооружениях, освобожденных от оборудования и других предметов, мешающих нормальному производству работ. ОЗП=1,2; ЭМ=1,2; ЗПМ=1,2; ТЗ=1,2; ТЗМ=1,2" | J99: 1313 | K99: 200 | L99: 174 | M99: 67 | O99: 15.08 | Q99: 4.3
A100: Накладные расходы 95% ФОТ (от 267) | J100: 254
A101: Сметная прибыль 65% ФОТ (от 267) | J101: 174
A102: Итого c накладными и см. прибылью | J102: 1741 | O102: 15.08 | Q102: 4.3
A103: Материалы для монтажных работ по прайс-листам:
A104: Итого Поз. 5, 7, 10, 12 | J104: 213
A105: Всего с учетом "Заготовительно-складские расходы на материалы по прайс-листам МАТ=2%" | J105: 217
A106: Итого | J106: 2009 | O106: 16.59 | Q106: 4.3
A107: Итоги по Оборудованию
...

Sheet 16370-КМ
A1: СОГЛАСОВАНО: | M1: УТВЕРЖДАЮ:
A4: _________________ | M4: _________________
A5: " _____ " ________________ 2013 г. | M5: "____" ______________2013 г.
H6: ФГУП "Комбинат "Электрохимприбор", г. Лесной
H7: (наименование стройки)
H9: ЛОКАЛЬНЫЙ СМЕТНЫЙ РАСЧЕТ № 16370-КМ.СМ1 (взамен 16370-КМ.СМ)
H10: (локальная смета)
A12: Конструкции металлические. Станция газификации (техперевооружение с монтажом установки длительного хранения УДХ10-02 и газификатора ГУ-0,3/0,3"
H13: (наименование работ и затрат, наименование объекта)
D15: Основание: 16370-КМ
D16: Сметная стоимость строительных работ _______________________________________________________________________________________________ | J16: ___________________________7417 | L16: руб.
D17: Средства на оплату труда _______________________________________________________________________________________________ | J17: ___________________________723 | L17: руб.
D18: Сметная трудоемкость _______________________________________________________________________________________________ | J18: _______________________________________________________________________________________________46,19 | L18: чел.час
D19: Составлен(а) в базисных ценах 2001 г.( в редакции 2009)
A22: № пп | B22: Обосно- вание | C22: Наименование | D22: Ед. изм. | E22: Кол. | F22: Стоимость единицы, руб. | J22: Общая стоимость, руб. | N22: Т/з осн. раб.на ед. | O22: Т/з осн. раб. Всего | P22: Т/з мех. на ед. | Q22: Т/з мех. Всего
F23: Всего | G23: В том числе | J23: Всего | K23: В том числе
G24: Осн.З/п | H24: Эк.Маш | I24: З/пМех | K24: Осн.З/п | L24: Эк.Маш | M24: З/пМех
A25: 1 | B25: 2 | C25: 3 | D25: 4 | E25: 5 | F25: 6 | G25: 7 | H25: 8 | I25: 9 | J25: 10 | K25: 11 | L25: 12 | M25: 13 | N25: 14 | O25: 15 | P25: 16 | Q25: 17
A26: Раздел 1. Монтаж металлических конструкций
A27: 1 | B27: ТЕР09-03-002-12 Постан.Правит.Свердл.обл. от 10.11.10 №1616-ПП | C27: Монтаж ригелей НР (39 руб.): 90% от ФОТ (43 руб.) СП (37 руб.): 85% от ФОТ (43 руб.) | D27: 1 т конструкций | E27: 0,11076 106,5*1,04/1000 | F27: 1348.89 | G27: 262.44 | H27: 933.9 | I27: 51.76 | J27: 149 | K27: 29 | L27: 103 | M27: 6 | N27: 18.25 | O27: 2.02 | P27: 2.57 | Q27: 0.28
A28: 2 | B28: ТСЦ-201-0621 Постан.Правит.Свердл.обл. от 10.11.10 №1616-ПП | C28: Ригели | D28: т | E28: 0,11076 106,5*1,04/1000 | F28: 8539.9 | J28: 946
A29: 3 | B29: ТЕР09-03-012-12 Постан.Правит.Свердл.обл. от 10.11.10 №1616-ПП | C29: Монтаж опорных стоек НР (21 руб.): 90% от ФОТ (23 руб.) СП (20 руб.): 85% от ФОТ (23 руб.) | D29: 1 т конструкций | E29: 0,139412 134,05*1,04/1000 | F29: 652.22 | G29: 83.23 | H29: 380.25 | I29: 39.65 | J29: 91 | K29: 12 | L29: 53 | M29: 6 | N29: 6.59 | O29: 0.92 | P29: 2.09 | Q29: 0.29
A30: 4 | B30: ТСЦ-201-0620 Постан.Правит.Свердл.обл. от 10.11.10 №1616-ПП | C30: Стойки | D30: т | E30: 0,139412 134,05*1,04/1000 | F30: 8737.6 | J30: 1218
A31: 5 | B31: ТЕР09-04-006-02 Постан.Правит.Свердл.обл. от 10.11.10 №1616-ПП | C31: Монтаж ограждающих конструкций стен из профилированного листа НР (290 руб.): 90% от ФОТ (322 руб.) СП (274 руб.): 85% от ФОТ (322 руб.) | D31: 100 м2 | E31: 0,1563 15,63 / 100 | F31: 4831.7 | G31: 1345.48 | H31: 3040.72 | I31: 313.73 | J31: 755 | K31: 210 | L31: 475 | M31: 49 | N31: 105.28 | O31: 16.46 | P31: 16.4 | Q31: 2.56
A32: 6 | B32: ТСЦ-101-3844 Постан.Правит.Свердл.обл. от 10.11.10 №1616-ПП | C32: Профилированный лист оцинкованный НС35-1000-0,8 | D32: т | E32: 0,12348 123,48/1000 | F32: 15041 | J32: 1857
A33: 7 | B33: ТЕР13-03-004-26 Постан.Правит.Свердл.обл. от 10.11.10 №1616-ПП | C33: Окраска металлических огрунтованных поверхностей эмалью ПФ-115 за 2 раза (за 2 раза ПЗ=2 (ОЗП=2; ЭМ=2 к расх.; ЗПМ=2; МАТ=2 к расх.; ТЗ=2; ТЗМ=2)) НР (10 руб.): 90% от ФОТ (11 руб.) СП (8 руб.): 70% от ФОТ (11 руб.) | D33: 100 м2 окрашиваемой поверхности | E33: 0,0961 9,61 / 100 | F33: 1261.82 | G33: 97.9 | H33: 13.36 | I33: 0.32 | J33: 121 | K33: 9 | L33: 1 | N33: 7.66 | O33: 0.74 | P33: 0.02
A34: Итого прямые затраты по разделу в ценах 2001г. | J34: 5137 | K34: 260 | L34: 632 | M34: 61 | O34: 20.14 | Q34: 3.13
A35: Итого прямые затраты по разделу с учетом коэффициентов к итогам | J35: 5328 | K35: 325 | L35: 758 | M35: 73 | O35: 25.2 | Q35: 3.76
A36: Накладные расходы | J36: 358
A37: Сметная прибыль | J37: 337
A38: Итоги по разделу 1 Монтаж металлических конструкций :
A39: Строительные металлические конструкции | J39: 5882 | O39: 24.28 | Q39: 3.76
A40: Защита строительных конструкций и оборудования от коррозии | J40: 141 | O40: 0.92
A41: Итого | J41: 6023 | O41: 25.2 | Q41: 3.76
A42: В том числе:
A43: Материалы | J43: 4245
A44: Машины и механизмы | J44: 758
A45: ФОТ | J45: 398
A46: Накладные расходы | J46: 358
A47: Сметная прибыль | J47: 337
A48: Итого по разделу 1 Монтаж металлических конструкций | J48: 6023 | O48: 25.2 | Q48: 3.76
A49: Раздел 2. Демонтажные работы
A50: 8 | B50: ТЕРр56-2-2 Постан.Правит.Свердл.обл. от 10.11.10 №1616-ПП | C50: Снятие оконных переплетов остекленных НР (21 руб.): 82% от ФОТ (26 руб.) СП (16 руб.): 62% от ФОТ (26 руб.) | D50: 100 м2 оконных переплетов | E50: 0,047242 (3,04*1,554) / 100 | F50: 558.06 | G50: 520.58 | H50: 37.48 | I50: 14.53 | J50: 26 | K50: 25 | L50: 1 | M50: 1 | N50: 46.11 | O50: 2.18 | P50: 0.93 | Q50: 0.04
A51: 9 | B51: ТЕРр56-1-1 Постан.Правит.Свердл.обл. от 10.11.10 №1616-ПП | C51: Демонтаж оконных коробок НР (12 руб.): 82% от ФОТ (15 руб.) СП (9 руб.): 62% от ФОТ (15 руб.) | D51: 100 коробок | E51: 0,01 1 / 100 | F51: 1725.13 | G51: 1481.68 | H51: 243.45 | I51: 30.57 | J51: 17 | K51: 15 | L51: 2 | N51: 128.73 | O51: 1.29 | P51: 2.15 | Q51: 0.02
A52: 10 | B52: ТЕР09-04-006-02 Постан.Правит.Свердл.обл. от 10.11.10 №1616-ПП | C52: Демонтаж ограждающих конструкций стен из профилированного листа (МДС 81-36.2004 п.п.3.3.1.Демонтаж (разборка) металлических конструкций ОЗП=0,7; ЭМ=0,7 к расх.; ЗПМ=0,7; МАТ=0 к расх.; ТЗ=0,7; ТЗМ=0,7) НР (203 руб.): 90% от ФОТ (225 руб.) СП (191 руб.): 85% от ФОТ (225 руб.) | D52: 100 м2 | E52: 0,1563 15,63 / 100 | F52: 3070.34 | G52: 941.84 | H52: 2128.5 | I52: 219.61 | J52: 480 | K52: 147 | L52: 333 | M52: 34 | N52: 73.696 | O52: 11.52 | P52: 11.48 | Q52: 1.79
A53: 11 | B53: ТЕР09-03-002-12 Постан.Правит.Свердл.обл. от 10.11.10 №1616-ПП | C53: Демонтаж ригелей (МДС 81-36.2004 п.п.3.3.1.Демонтаж (разборка) металлических конструкций ОЗП=0,7; ЭМ=0,7 к расх.; ЗПМ=0,7; МАТ=0 к расх.; ТЗ=0,7; ТЗМ=0,7) НР (47 руб.): 90% от ФОТ (52 руб.) СП (44 руб.): 85% от ФОТ (52 руб.) | D53: 1 т конструкций | E53: 0,1932 193,2/1000 | F53: 837.44 | G53: 183.71 | H53: 653.73 | I53: 36.23 | J53: 162 | K53: 35 | L53: 127 | M53: 7 | N53: 12.775 | O53: 2.47 | P53: 1.799 | Q53: 0.35
A54: 12 | B54: ФССЦпг01-01-01-041 И1-Пр. Минрегион от 05.05.12 №189 | C54: Погрузочные работы при автомобильных перевозках: мусора строительного с погрузкой вручную (ОП п.1.1.9 Прил.1Поясной коэффициент: Пермский край (кроме Красновишерского, Чердынского, Гайнского, Косинского, Кочевского районов), Республика Башкортостан, Республика Алтай, Вологодская, Кемеровская, Кировская, Курганская, Омская, Оренбургская, Новосибирская, Свердловская, Челябинская области ПЗ=1,1 (ОЗП=1,1; ЭМ=1,1; ЗПМ=1,1; МАТ=1,1)) НР 0% от ФОТ СП 0% от ФОТ | D54: 1 т груза | E54: 0,1417 141,7/1000 | F54: 47.28 | G54: 47.28 | J54: 7 | K54: 7
A55: 13 | B55: ФССЦпг03-02-01-055 Пр. Минрегион от 20.07.11 №354 | C55: Перевозка строительных грузов (кроме массовых навалочных, перевозимых автомобилями-самосвалами, а также бетонных и железобетонных изделий, стеновых и перегородочных материалов, лесоматериалов круглых и пиломатериалов, включенных в таблицу 03-01), бортовым автомобилем грузоподъемностью 5 т, на расстояние до 55 км I класс груза (ОП п.1.1.9Поясные коэффициенты к сметным ценам на перевозку грузов автомобильным транспортом: Республика Башкортостан, Алтайский край, Вологодская, Кемеровская, Кировская, Курганская, Омская, Оренбургская, Новосибирская, Свердловская, Челябинская и Пермская области (за исключением Коми-Пермяцкого автономного округа). ПЗ=1,1 (ОЗП=1,1; ЭМ=1,1; ЗПМ=1,1; МАТ=1,1)) НР 0% от ФОТ СП 0% от ФОТ | D55: 1 т груза | E55: 0,1417 141,7/1000 | F55: 54.37 | H55: 54.37 | J55: 8 | L55: 8
A56: 14 | B56: ФССЦпг01-01-01-027 И1-Пр. Минрегион от 05.05.12 №189 | C56: Погрузочные работы при автомобильных перевозках: стальных профилей крупных (балки, сваи квадратного сечения более 40х40 мм, сваи круглые диаметром более 40 мм, толстолистовая, тюбинги, швеллеры, шпунт металлический и т.п.) НР 0% от ФОТ СП 0% от ФОТ | D56: 1 т груза | E56: 0,31668 (123,48+193,2)/1000 | F56: 10.13 | H56: 10.13 | J56: 3 | L56: 3
A57: 15 | B57: ФССЦпг03-02-01-015 Пр. Минрегион от 20.07.11 №354 | C57: Перевозка строительных грузов (кроме массовых навалочных, перевозимых автомобилями-самосвалами, а также бетонных и железобетонных изделий, стеновых и перегородочных материалов, лесоматериалов круглых и пиломатериалов, включенных в таблицу 03-01), бортовым автомобилем грузоподъемностью 5 т, на расстояние до 15 км I класс груза (ОП п.1.1.9Поясные коэффициенты к сметным ценам на перевозку грузов автомобильным транспортом: Республика Башкортостан, Алтайский край, Вологодская, Кемеровская, Кировская, Курганская, Омская, Оренбургская, Новосибирская, Свердловская, Челябинская и Пермская области (за исключением Коми-Пермяцкого автономного округа). ПЗ=1,1 (ОЗП=1,1; ЭМ=1,1; ЗПМ=1,1; МАТ=1,1)) НР 0% от ФОТ СП 0% от ФОТ | D57: 1 т груза | E57: 0,31668 (123,48+193,2)/1000 | F57: 27.52 | H57: 27.52 | J57: 9 | L57: 9
A58: Итого прямые затраты по разделу в ценах 2001г. | J58: 712 | K58: 229 | L58: 483 | M58: 42 | O58: 17.46 | Q58: 2.2
A59: Итого прямые затраты по разделу с учетом коэффициентов к итогам | J59: 850 | K59: 275 | L59: 575 | M59: 50 | O59: 20.98 | Q59: 2.63
A60: Накладные расходы | J60: 283
A61: Сметная прибыль | J61: 260
A62: Итоги по разделу 2 Демонтажные работы :
A63: Проемы (ремонтно-строительные) | J63: 102 | O63: 3.47 | Q63: 0.06
A64: Строительные металлические конструкции | J64: 1264 | O64: 17.51 | Q64: 2.57
A65: Погрузо-разгрузочные работы | J65: 10
A66: Перевозка грузов автотранспортом | J66: 17
A67: Итого | J67: 1393 | O67: 20.98 | Q67: 2.63
A68: В том числе:
A69: Машины и механизмы | J69: 575
A70: ФОТ | J70: 325
A71: Накладные расходы | J71: 283
A72: Сметная прибыль | J72: 260
A73: Итого по разделу 2 Демонтажные работы | J73: 1393 | O73: 20.98 | Q73: 2.63
A74: ИТОГИ ПО СМЕТЕ:
A75: Итого прямые затраты по смете в ценах 2001г. | J75: 5849 | K75: 489 | L75: 1115 | M75: 103 | O75: 37.6 | Q75: 5.33
A76: Итого прямые затраты по смете с учетом коэффициентов к итогам | J76: 6178 | K76: 600 | L76: 1333 | M76: 123 | O76: 46.19 | Q76: 6.38
A77: В том числе, справочно:
A78: Поправочный коэффициент к оплате труда рабочих и механизаторов (1,2/1,15) ОЗП=1,043; ТЗ=1,043 (Поз. 1-6, 10-11) | J78: 19 | K78: 19 | O78: 1.4358
A79: 2. Производство строительных и других работ в существующих зданиях и сооружениях, освобожденных от оборудования и других предметов, мешающих нормальному производству работ ОЗП=1,2; ЭМ=1,2; ЗПМ=1,2; ТЗ=1,2; ТЗМ=1,2 (Поз. 1-6, 10-11, 7) | J79: 310 | K79: 92 | L79: 218 | M79: 20 | O79: 7.12 | Q79: 1.054
A80: Накладные расходы | J80: 642
A81: В том числе, справочно:
A82: 82% ФОТ (от 41) (Поз. 8-9) | J82: 34
A83: 90% ФОТ (от 675) (Поз. 1-6, 10-11, 7) | J83: 608
A84: Сметная прибыль | J84: 597
A85: В том числе, справочно:
A86: 62% ФОТ (от 41) (Поз. 8-9) | J86: 25
A87: 70% ФОТ (от 11) (Поз. 7) | J87: 8
A88: 85% ФОТ (от 664) (Поз. 1-6, 10-11) | J88: 564
A89: Итоги по смете:
A90: Строительные металлические конструкции:
A91: Итого Поз. 1-6, 10-11 | J91: 5658 | K91: 433 | L91: 1091 | M91: 102 | O91: 33.39 | Q91: 5.27
A92: Всего с учетом "Поправочный коэффициент к оплате труда рабочих и механизаторов (1,2/1,15) ОЗП=1,043; ТЗ=1,043" | J92: 5677 | K92: 452 | L92: 1091 | M92: 102 | O92: 34.83 | Q92: 5.27
A93: Всего с учетом "2. Производство строительных и других работ в существующих зданиях и сооружениях, освобожденных от оборудования и других предметов, мешающих нормальному производству работ ОЗП=1,2; ЭМ=1,2; ЗПМ=1,2; ТЗ=1,2; ТЗМ=1,2" | J93: 5985 | K93: 542 | L93: 1309 | M93: 122 | O93: 41.8 | Q93: 6.32
A94: Накладные расходы 90% ФОТ (от 664) | J94: 598
A95: Сметная прибыль 85% ФОТ (от 664) | J95: 564
A96: Итого c накладными и см. прибылью | J96: 7147 | O96: 41.8 | Q96: 6.32
A97: Защита строительных конструкций и оборудования от коррозии:
A98: Итого Поз. 7 | J98: 121 | K98: 9 | L98: 1 | O98: 0.74
A99: Всего с учетом "Поправочный коэффициент к оплате труда рабочих и механизаторов (1,2/1,15) ОЗП=1,043; ТЗ=1,043" | J99: 121 | K99: 9 | L99: 1 | O99: 0.77
A100: Всего с учетом "2. Производство строительных и других работ в существующих зданиях и сооружениях, освобожденных от оборудования и других предметов, мешающих нормальному производству работ ОЗП=1,2; ЭМ=1,2; ЗПМ=1,2; ТЗ=1,2; ТЗМ=1,2" | J100: 123 | K100: 11 | L100: 1 | O100: 0.92
A101: Накладные расходы 90% ФОТ (от 11) | J101: 10
A102: Сметная прибыль 70% ФОТ (от 11) | J102: 8
A103: Итого c накладными и см. прибылью | J103: 141 | O103: 0.92
A104: Проемы (ремонтно-строительные):
A105: Итого Поз. 8-9 | J105: 43 | K105: 40 | L105: 3 | M105: 1 | O105: 3.47 | Q105: 0.06
A106: Накладные расходы 82% ФОТ (от 41) | J106: 34
A107: Сметная прибыль 62% ФОТ (от 41) | J107: 25
...

Sheet 16370-ТХ
A1: СОГЛАСОВАНО: | M1: УТВЕРЖДАЮ:
A4: _________________ | M4: _________________
A5: " _____ " ________________ 2013 г. | M5: "____" ______________2013 г.
H6: ФГУП "Комбинат "Электрохимприбор", г. Лесной
H7: (наименование стройки)
H9: ЛОКАЛЬНЫЙ СМЕТНЫЙ РАСЧЕТ № 16370-ТХ.СМ2 (взамен 16370-ТХ.СМ1)
H10: (локальная смета)
A12: Технологические решения. Станция газификации (техперевооружение с монтажом установки длительного хранения УДХ10-02 и газификатора ГУ-0,3/0,3"
H13: (наименование работ и затрат, наименование объекта)
D15: Основание: 16370-ТХ
D16: Сметная стоимость _______________________________________________________________________________________________ | J16: ___________________________27230 | L16: руб.
D17: строительных работ _______________________________________________________________________________________________ | J17: _______________________________________________________________________________________________6058 | L17: руб.
D18: монтажных работ _______________________________________________________________________________________________ | J18: _______________________________________________________________________________________________21172 | L18: руб.
D19: Средства на оплату труда _______________________________________________________________________________________________ | J19: ___________________________6497 | L19: руб.
D20: Сметная трудоемкость _______________________________________________________________________________________________ | J20: _______________________________________________________________________________________________450,8 | L20: чел.час
D21: Составлен(а) в базисных ценах 2001 г.( в редакции 2009)
A24: № пп | B24: Обосно- вание | C24: Наименование | D24: Ед. изм. | E24: Кол. | F24: Стоимость единицы, руб. | J24: Общая стоимость, руб. | N24: Т/з осн. раб.на ед. | O24: Т/з осн. раб. Всего | P24: Т/з мех. на ед. | Q24: Т/з мех. Всего
F25: Всего | G25: В том числе | J25: Всего | K25: В том числе
G26: Осн.З/п | H26: Эк.Маш | I26: З/пМех | K26: Осн.З/п | L26: Эк.Маш | M26: З/пМех
A27: 1 | B27: 2 | C27: 3 | D27: 4 | E27: 5 | F27: 6 | G27: 7 | H27: 8 | I27: 9 | J27: 10 | K27: 11 | L27: 12 | M27: 13 | N27: 14 | O27: 15 | P27: 16 | Q27: 17
A28: Раздел 1. Монтажные работы
A29: 1 | B29: ТЕРм37-01-002-04 Постан.Правит.Свердл.обл. от 10.11.10 №1616-ПП | C29: Монтаж оборудования в помещении (газификатора), масса оборудования 0,47 т НР (357 руб.): 80% от ФОТ (446 руб.) СП (268 руб.): 60% от ФОТ (446 руб.) | D29: 1 шт. | E29: 1 | F29: 1139.13 | G29: 358.44 | H29: 145.13 | I29: 12.56 | J29: 1139 | K29: 358 | L29: 145 | M29: 13 | N29: 27.7 | O29: 27.7 | P29: 0.69 | Q29: 0.69
A30: 2 | B30: ТЕРм37-01-002-09 Постан.Правит.Свердл.обл. от 10.11.10 №1616-ПП | C30: Монтаж оборудования в помещении (установки длительного хранения для жидкой двуокиси углерода), масса оборудования 5,1 т НР (1878 руб.): 80% от ФОТ (2347 руб.) СП (1408 руб.): 60% от ФОТ (2347 руб.) | D30: 1 шт. | E30: 1 | F30: 4520.07 | G30: 1759.84 | H30: 1716.27 | I30: 195.83 | J30: 4520 | K30: 1760 | L30: 1716 | M30: 196 | N30: 136 | O30: 136 | P30: 10.76 | Q30: 10.76
A31: 3 | B31: ТЕРм12-12-001-04 Постан.Правит.Свердл.обл. от 10.11.10 №1616-ПП | C31: Арматура фланцевая с ручным приводом или без привода водопроводная на условное давление до 4 МПа, диаметр условного прохода 25 мм (кран шаровой Ду 25 мм) НР (39 руб.): 80% от ФОТ (49 руб.) СП (29 руб.): 60% от ФОТ (49 руб.) | D31: 1 шт. | E31: 1 | F31: 43.61 | G31: 40.65 | J31: 44 | K31: 41 | N31: 3 | O31: 3
A32: 4 | B32: ТЕРм12-01-004-01 Постан.Правит.Свердл.обл. от 10.11.10 №1616-ПП | C32: Трубопровод в помещениях или на открытых площадках в пределах цехов, монтируемый из труб и готовых деталей, на условное давление не более 2,5 МПа, диаметр труб наружный до 14 мм НР (74 руб.): 80% от ФОТ (92 руб.) СП (55 руб.): 60% от ФОТ (92 руб.) | D32: 100 м трубопровода | E32: 0,035 (2+1,5) / 100 | F32: 6485.28 | G32: 1788.6 | H32: 4579.22 | I32: 372.11 | J32: 227 | K32: 63 | L32: 160 | M32: 13 | N32: 132 | O32: 4.62 | P32: 20.8 | Q32: 0.73
A33: 5 | B33: ТСЦ-507-0386 Постан.Правит.Свердл.обл. от 10.11.10 №1616-ПП | C33: Трубы бесшовные холоднодеформированные наружным диаметром 12 мм, толщиной стенки 3,5 мм | D33: 10 м | E33: 0,2076 (2*1,038) / 10 | F33: 1410.8 | J33: 293
A34: 6 | B34: ТСЦ-507-0386 Постан.Правит.Свердл.обл. от 10.11.10 №1616-ПП | C34: Трубы бесшовные холоднодеформированные наружным диаметром 14 мм, толщиной стенки 3,5 мм | D34: 10 м | E34: 0,1557 (1,5*1,038) / 10 | F34: 1410.8 | J34: 220
A35: 7 | B35: ТЕРм12-01-004-03 Постан.Правит.Свердл.обл. от 10.11.10 №1616-ПП | C35: Трубопровод в помещениях или на открытых площадках в пределах цехов, монтируемый из труб и готовых деталей, на условное давление не более 2,5 МПа, диаметр труб наружный 21,3 мм НР (126 руб.): 80% от ФОТ (157 руб.) СП (94 руб.): 60% от ФОТ (157 руб.) | D35: 100 м трубопровода | E35: 0,0566 5,66 / 100 | F35: 6780.61 | G35: 1937.65 | H35: 4663.81 | I35: 372.11 | J35: 384 | K35: 110 | L35: 264 | M35: 21 | N35: 143 | O35: 8.09 | P35: 20.8 | Q35: 1.18
A36: 8 | B36: ТСЦ-103-0342 Постан.Правит.Свердл.обл. от 10.11.10 №1616-ПП | C36: Трубы стальные бесшовные, горячедеформированные со снятой фаской из стали марок 15, 20, 25, наружным диаметром 21,3 мм, толщина стенки 3,5 мм | D36: м | E36: 5,87508 5,66*1,038 | F36: 22.86 | J36: 134
A37: 9 | B37: ТЕРм12-01-004-04 Постан.Правит.Свердл.обл. от 10.11.10 №1616-ПП | C37: Трубопровод в помещениях или на открытых площадках в пределах цехов, монтируемый из труб и готовых деталей, на условное давление не более 2,5 МПа, диаметр труб наружный 32 мм НР (67 руб.): 80% от ФОТ (84 руб.) СП (50 руб.): 60% от ФОТ (84 руб.) | D37: 100 м трубопровода | E37: 0,0294 2,94 / 100 | F37: 6992.06 | G37: 2005.4 | H37: 4783.13 | I37: 381.99 | J37: 206 | K37: 59 | L37: 141 | M37: 11 | N37: 148 | O37: 4.35 | P37: 21.34 | Q37: 0.63
A38: 10 | B38: ТСЦ-103-0347 Постан.Правит.Свердл.обл. от 10.11.10 №1616-ПП | C38: Трубы стальные бесшовные, горячедеформированные со снятой фаской из стали марок 15, 20, 25, наружным диаметром 32 мм, толщина стенки 3,5 мм | D38: м | E38: 3,05172 2,94*1,038 | F38: 28.02 | J38: 86
A39: 11 | B39: ТЕРм12-01-004-05 Постан.Правит.Свердл.обл. от 10.11.10 №1616-ПП | C39: Трубопровод в помещениях или на открытых площадках в пределах цехов, монтируемый из труб и готовых деталей, на условное давление не более 2,5 МПа, диаметр труб наружный 38 мм НР (339 руб.): 80% от ФОТ (424 руб.) СП (254 руб.): 60% от ФОТ (424 руб.) | D39: 100 м трубопровода | E39: 0,129 12,9 / 100 | F39: 8053.5 | G39: 2289.95 | H39: 5526.25 | I39: 451.62 | J39: 1039 | K39: 295 | L39: 713 | M39: 58 | N39: 169 | O39: 21.8 | P39: 25.16 | Q39: 3.25
A40: 12 | B40: ТСЦ-103-0352 Постан.Правит.Свердл.обл. от 10.11.10 №1616-ПП | C40: Трубы стальные бесшовные, горячедеформированные со снятой фаской из стали марок 15, 20, 25, наружным диаметром 38 мм, толщина стенки 3,5 мм | D40: м | E40: 13,3902 12,9*1,038 | F40: 40.81 | J40: 546
A41: 17 | B41: ТЕР13-03-002-02 Постан.Правит.Свердл.обл. от 10.11.10 №1616-ПП | C41: Огрунтовка металлических поверхностей трубопроводов за 2 раза грунтовкой ФЛ-03К (за 2 раза ПЗ=2 (ОЗП=2; ЭМ=2 к расх.; ЗПМ=2; МАТ=2 к расх.; ТЗ=2; ТЗМ=2)) НР (5 руб.): 90% от ФОТ (5 руб.) СП (4 руб.): 70% от ФОТ (5 руб.) | D41: 100 м2 окрашиваемой поверхности | E41: 0,0235 2,35 / 100 | F41: 981.4 | G41: 159.3 | H41: 20.3 | I41: 0.32 | J41: 23 | K41: 4 | N41: 10.62 | O41: 0.25 | P41: 0.02
A42: 18 | B42: ТЕР13-03-004-06 Постан.Правит.Свердл.обл. от 10.11.10 №1616-ПП | C42: Окраска металлических огрунтованных поверхностей трубопроводов эмалью ХВ-124 за 2 раза (за 2 раза ПЗ=2 (ОЗП=2; ЭМ=2 к расх.; ЗПМ=2; МАТ=2 к расх.; ТЗ=2; ТЗМ=2)) НР (1 руб.): 90% от ФОТ (1 руб.) СП (1 руб.): 70% от ФОТ (1 руб.) | D42: 100 м2 окрашиваемой поверхности | E42: 0,0235 2,35 / 100 | F42: 1085.52 | G42: 63.14 | H42: 15.54 | I42: 0.32 | J42: 26 | K42: 1 | N42: 4.94 | O42: 0.12 | P42: 0.02
A43: 19 | B43: ТЕР26-01-008-01 Постан.Правит.Свердл.обл. от 10.11.10 №1616-ПП | C43: Изоляция трубопроводов матами и холстами из супертонкого волокна (стеклянного и базальтового), матами звукопоглощающими НР (521 руб.): 100% от ФОТ (521 руб.) СП (365 руб.): 70% от ФОТ (521 руб.) | D43: 1 м3 изоляции | E43: 0,335 6,7*0,05 | F43: 2040.75 | G43: 1296.19 | H43: 91.07 | J43: 684 | K43: 434 | L43: 31 | N43: 94.2 | O43: 31.56
A44: 20 | B44: Материалы по прайс-листам | C44: Маты базальтовые Батиз Норма 50 мм | D44: м3 | E44: 0,6901 6,7*0,05*2,06 | F44: 705,74 4980/1,18/ИндексМ | J44: 487
A45: 13 | B45: ТЕР26-01-049-02 Постан.Правит.Свердл.обл. от 10.11.10 №1616-ПП | C45: Покрытие поверхности изоляции трубопроводов сталью оцинкованной НР (235 руб.): 100% от ФОТ (235 руб.) СП (165 руб.): 70% от ФОТ (235 руб.) | D45: 100 м2 поверхности покрытия изоляции | E45: 0,0959 9,59 / 100 | F45: 16783.13 | G45: 2043.64 | H45: 811.46 | J45: 1610 | K45: 196 | L45: 78 | N45: 148.52 | O45: 14.24
A46: 21 | B46: ТСЦ-201-0889 Постан.Правит.Свердл.обл. от 10.11.10 №1616-ПП | C46: Опоры неподвижные из горячекатаных профилей для трубопроводов | D46: т | E46: 0,011024 10,6*1,04/1000 | F46: 9785 | J46: 108
A47: 22 | B47: ТЕР09-03-039-01 Постан.Правит.Свердл.обл. от 10.11.10 №1616-ПП | C47: Монтаж опорных конструкций под импульсные трубки НР (81 руб.): 90% от ФОТ (90 руб.) СП (77 руб.): 85% от ФОТ (90 руб.) | D47: 1 т конструкций | E47: 0,0705 10*7,05/1000 | F47: 1711.14 | G47: 1025.21 | H47: 386.58 | I47: 2 | J47: 121 | K47: 72 | L47: 27 | N47: 80.22 | O47: 5.66 | P47: 0.11 | Q47: 0.01
A48: 23 | B48: ТСЦ-101-3684 Постан.Правит.Свердл.обл. от 10.11.10 №1616-ПП | C48: Швеллеры № 8 сталь марки Ст3пс | D48: т | E48: 0,0705 10*7,05/1000 | F48: 5750 | J48: 405
A49: 24 | B49: ТЕР09-03-040-01 Постан.Правит.Свердл.обл. от 10.11.10 №1616-ПП | C49: Монтаж перехода через трубы из швеллера НР (26 руб.): 90% от ФОТ (29 руб.) СП (25 руб.): 85% от ФОТ (29 руб.) | D49: 1 т конструкций | E49: 0,019716 0,62*31,8/1000 | F49: 1553.99 | G49: 1176.74 | H49: 74.63 | I49: 2.18 | J49: 31 | K49: 23 | L49: 1 | N49: 94.29 | O49: 1.86 | P49: 0.12
A50: 25 | B50: ТСЦ-101-2241 Постан.Правит.Свердл.обл. от 10.11.10 №1616-ПП | C50: Швеллеры № 30 | D50: т | E50: 0,019716 0,62*31,8/1000 | F50: 6717.25 | J50: 132
A51: 26 | B51: ТЕР13-03-002-04 Постан.Правит.Свердл.обл. от 10.11.10 №1616-ПП | C51: Огрунтовка металлических поверхностей за один раз грунтовкой ГФ-021 (опор под импульсные трубки, перехода через трубы) НР (4 руб.): 90% от ФОТ (4 руб.) СП (3 руб.): 70% от ФОТ (4 руб.) | D51: 100 м2 окрашиваемой поверхности | E51: 0,0382 3,82 / 100 | F51: 417.46 | G51: 79.65 | H51: 10.15 | I51: 0.16 | J51: 16 | K51: 3 | N51: 5.31 | O51: 0.2 | P51: 0.01
A52: 27 | B52: ТЕР13-03-004-26 Постан.Правит.Свердл.обл. от 10.11.10 №1616-ПП | C52: Окраска металлических огрунтованных поверхностей опор эмалью ПФ-115 НР (2 руб.): 90% от ФОТ (2 руб.) СП (1 руб.): 70% от ФОТ (2 руб.) | D52: 100 м2 окрашиваемой поверхности | E52: 0,0412 (0,3+3,82) / 100 | F52: 630.91 | G52: 48.95 | H52: 6.68 | I52: 0.16 | J52: 26 | K52: 2 | N52: 3.83 | O52: 0.16 | P52: 0.01
A53: Итого прямые затраты по разделу в ценах 2001г. | J53: 12507 | K53: 3421 | L53: 3276 | M53: 312 | O53: 259.61 | Q53: 17.25
A54: Итого прямые затраты по разделу с учетом коэффициентов к итогам | J54: 13862 | K54: 4110 | L54: 3932 | M54: 374 | O54: 311.95 | Q54: 20.7
A55: Накладные расходы | J55: 3752
A56: Сметная прибыль | J56: 2796
A57: Итоги по разделу 1 Монтажные работы :
A58: Итого Строительные работы | J58: 5263 | O58: 65.28 | Q58: 0.01
A59: Итого Монтажные работы | J59: 15147 | O59: 246.67 | Q59: 20.69
A60: Итого | J60: 20410 | O60: 311.95 | Q60: 20.7
A61: В том числе:
A62: Материалы | J62: 5820
A63: Машины и механизмы | J63: 3932
A64: ФОТ | J64: 4484
A65: Накладные расходы | J65: 3752
A66: Сметная прибыль | J66: 2796
A67: Итого по разделу 1 Монтажные работы | J67: 20410 | O67: 311.95 | Q67: 20.7
A68: Раздел 2. Демонтажные работы
A69: 28 | B69: ТЕРм37-01-002-04 Постан.Правит.Свердл.обл. от 10.11.10 №1616-ПП | C69: Демонтаж оборудования в помещении (газификатора), масса оборудования 0,47 т (МДС 81-37.2004 п.п.3.2.1.Демонтаж оборудования, которое не подлежит дальнейшему использованию (предназначено в лом) с разборкой и резкой на части ОЗП=0,5; ЭМ=0,5 к расх.; ЗПМ=0,5; МАТ=0 к расх.; ТЗ=0,5; ТЗМ=0,5) НР (178 руб.): 80% от ФОТ (222 руб.) СП (133 руб.): 60% от ФОТ (222 руб.) | D69: 1 шт. | E69: 1 | F69: 251.79 | G69: 179.22 | H69: 72.57 | I69: 6.28 | J69: 252 | K69: 179 | L69: 73 | M69: 6 | N69: 13.85 | O69: 13.85 | P69: 0.345 | Q69: 0.35
A70: 29 | B70: ТЕРм37-01-002-09 Постан.Правит.Свердл.обл. от 10.11.10 №1616-ПП | C70: Демонтаж оборудования в помещении (установки длительного хранения для жидкой двуокиси углерода), масса оборудования 5,1 т (МДС 81-37.2004 п.п.3.2.1.Демонтаж оборудования, которое не подлежит дальнейшему использованию (предназначено в лом) с разборкой и резкой на части ОЗП=0,5; ЭМ=0,5 к расх.; ЗПМ=0,5; МАТ=0 к расх.; ТЗ=0,5; ТЗМ=0,5) НР (939 руб.): 80% от ФОТ (1174 руб.) СП (704 руб.): 60% от ФОТ (1174 руб.) | D70: 1 шт. | E70: 1 | F70: 1738.06 | G70: 879.92 | H70: 858.14 | I70: 97.92 | J70: 1738 | K70: 880 | L70: 858 | M70: 98 | N70: 68 | O70: 68 | P70: 5.38 | Q70: 5.38
A71: 30 | B71: ТЕРм12-12-001-04 Постан.Правит.Свердл.обл. от 10.11.10 №1616-ПП | C71: Демонтаж. Арматура фланцевая с ручным приводом или без привода водопроводная на условное давление до 4 МПа, диаметр условного прохода 25 мм (существующий кран шаровой Ду 25 мм - перемонтаж) (МДС 81-37.2004 п.п.3.2.1.Демонтаж оборудования, которое подлежит дальнейшему использованию, без надобности хранения (перемещается в цеху на другое место установки и т.п.) ОЗП=0,6; ЭМ=0,6 к расх.; ЗПМ=0,6; МАТ=0 к расх.; ТЗ=0,6; ТЗМ=0,6) НР (23 руб.): 80% от ФОТ (29 руб.) СП (17 руб.): 60% от ФОТ (29 руб.) | D71: 1 шт. | E71: 1 | F71: 24.39 | G71: 24.39 | J71: 24 | K71: 24 | N71: 1.8 | O71: 1.8
A72: 31 | B72: ТЕР26-01-008-01 Постан.Правит.Свердл.обл. от 10.11.10 №1616-ПП | C72: Демонтаж изоляции трубопроводов 3 555,75 = 2 040,75 + (0,1125 - 0,0265) x 17 616,25 (МДС 81-36.2004 п.п.3.3.1.Демонтаж (разборка) внутренних санитарно-технических устройств (водопровода, газопровода, канализации, водостоков, отопления, вентиляции) ОЗП=0,4; ЭМ=0,4 к расх.; ЗПМ=0,4; МАТ=0 к расх.; ТЗ=0,4; ТЗМ=0,4) НР (209 руб.): 100% от ФОТ (209 руб.) СП (146 руб.): 70% от ФОТ (209 руб.) | D72: 1 м3 изоляции | E72: 0,335 6,7*0,05 | F72: 554.9 | G72: 518.48 | H72: 36.42 | J72: 186 | K72: 174 | L72: 12 | N72: 37.68 | O72: 12.62
A73: З | B73: 1. ТСЦ-101-1706 | C73: Сталь листовая оцинкованная толщиной листа 0,5 мм | D73: т | E73: -2,7782680669941E-18 | F73: 17616.25
A74: Уд | B74: 2. 101-1876 | C74: Сталь листовая оцинкованная толщиной листа 0,8 мм | D74: т | E74: 7,48777125372802E-19 | F74: 17616.25
A75: 32 | B75: ТЕРм12-01-004-01 Постан.Правит.Свердл.обл. от 10.11.10 №1616-ПП | C75: Демонтаж. Трубопровод в помещениях или на открытых площадках в пределах цехов, монтируемый из труб и готовых деталей, на условное давление не более 2,5 МПа, диаметр труб наружный до 14 мм (МДС 81-37.2004 п.п.3.2.1.Демонтаж оборудования, которое не подлежит дальнейшему использованию (предназначено в лом) с разборкой и резкой на части ОЗП=0,5; ЭМ=0,5 к расх.; ЗПМ=0,5; МАТ=0 к расх.; ТЗ=0,5; ТЗМ=0,5) НР (36 руб.): 80% от ФОТ (45 руб.) СП (27 руб.): 60% от ФОТ (45 руб.) | D75: 100 м трубопровода | E75: 0,035 (2+1,5) / 100 | F75: 3183.91 | G75: 894.3 | H75: 2289.61 | I75: 186.06 | J75: 111 | K75: 31 | L75: 80 | M75: 7 | N75: 66 | O75: 2.31 | P75: 10.4 | Q75: 0.36
A76: 33 | B76: ТЕРм12-01-004-03 Постан.Правит.Свердл.обл. от 10.11.10 №1616-ПП | C76: Демонтаж. Трубопровод в помещениях или на открытых площадках в пределах цехов, монтируемый из труб и готовых деталей, на условное давление не более 2,5 МПа, диаметр труб наружный 21,3 мм (МДС 81-37.2004 п.п.3.2.1.Демонтаж оборудования, которое не подлежит дальнейшему использованию (предназначено в лом) с разборкой и резкой на части ОЗП=0,5; ЭМ=0,5 к расх.; ЗПМ=0,5; МАТ=0 к расх.; ТЗ=0,5; ТЗМ=0,5) НР (63 руб.): 80% от ФОТ (79 руб.) СП (47 руб.): 60% от ФОТ (79 руб.) | D76: 100 м трубопровода | E76: 0,0566 5,66 / 100 | F76: 3300.73 | G76: 968.83 | H76: 2331.9 | I76: 186.06 | J76: 187 | K76: 55 | L76: 132 | M76: 11 | N76: 71.5 | O76: 4.05 | P76: 10.4 | Q76: 0.59
A77: 34 | B77: ТЕРм12-01-004-04 Постан.Правит.Свердл.обл. от 10.11.10 №1616-ПП | C77: Демонтаж. Трубопровод в помещениях или на открытых площадках в пределах цехов, монтируемый из труб и готовых деталей, на условное давление не более 2,5 МПа, диаметр труб наружный 32 мм (МДС 81-37.2004 п.п.3.2.1.Демонтаж оборудования, которое не подлежит дальнейшему использованию (предназначено в лом) с разборкой и резкой на части ОЗП=0,5; ЭМ=0,5 к расх.; ЗПМ=0,5; МАТ=0 к расх.; ТЗ=0,5; ТЗМ=0,5) НР (34 руб.): 80% от ФОТ (42 руб.) СП (25 руб.): 60% от ФОТ (42 руб.) | D77: 100 м трубопровода | E77: 0,0294 2,94 / 100 | F77: 3394.27 | G77: 1002.7 | H77: 2391.57 | I77: 191 | J77: 100 | K77: 29 | L77: 71 | M77: 6 | N77: 74 | O77: 2.18 | P77: 10.67 | Q77: 0.31
A78: 35 | B78: ТЕРм12-01-004-05 Постан.Правит.Свердл.обл. от 10.11.10 №1616-ПП | C78: Демонтаж. Трубопровод в помещениях или на открытых площадках в пределах цехов, монтируемый из труб и готовых деталей, на условное давление не более 2,5 МПа, диаметр труб наружный 38 мм (МДС 81-37.2004 п.п.3.2.1.Демонтаж оборудования, которое не подлежит дальнейшему использованию (предназначено в лом) с разборкой и резкой на части ОЗП=0,5; ЭМ=0,5 к расх.; ЗПМ=0,5; МАТ=0 к расх.; ТЗ=0,5; ТЗМ=0,5) НР (170 руб.): 80% от ФОТ (213 руб.) СП (128 руб.): 60% от ФОТ (213 руб.) | D78: 100 м трубопровода | E78: 0,129 12,9 / 100 | F78: 3908.1 | G78: 1144.98 | H78: 2763.12 | I78: 225.81 | J78: 504 | K78: 148 | L78: 356 | M78: 29 | N78: 84.5 | O78: 10.9 | P78: 12.58 | Q78: 1.62
A79: 36 | B79: ФССЦпг01-01-01-015 И1-Пр. Минрегион от 05.05.12 №189 | C79: Погрузочные работы при автомобильных перевозках: металлических конструкций массой до 1 т (ОП п.1.1.9 Прил.1Поясной коэффициент: Пермский край (кроме Красновишерского, Чердынского, Гайнского, Косинского, Кочевского районов), Республика Башкортостан, Республика Алтай, Вологодская, Кемеровская, Кировская, Курганская, Омская, Оренбургская, Новосибирская, Свердловская, Челябинская области ПЗ=1,1 (ОЗП=1,1; ЭМ=1,1; ЗПМ=1,1; МАТ=1,1)) НР 0% от ФОТ СП 0% от ФОТ | D79: 1 т груза | E79: 0,52 0,47+0,05 | F79: 24.56 | H79: 24.56 | J79: 13 | L79: 13
A80: 37 | B80: ФССЦпг01-01-01-017 И1-Пр. Минрегион от 05.05.12 №189 | C80: Погрузочные работы при автомобильных перевозках: металлических конструкций массой от 3 до 6 т (ОП п.1.1.9 Прил.1Поясной коэффициент: Пермский край (кроме Красновишерского, Чердынского, Гайнского, Косинского, Кочевского районов), Республика Башкортостан, Республика Алтай, Вологодская, Кемеровская, Кировская, Курганская, Омская, Оренбургская, Новосибирская, Свердловская, Челябинская области ПЗ=1,1 (ОЗП=1,1; ЭМ=1,1; ЗПМ=1,1; МАТ=1,1)) НР 0% от ФОТ СП 0% от ФОТ | D80: 1 т груза | E80: 5.1 | F80: 9.23 | H80: 9.23 | J80: 47 | L80: 47
A81: 38 | B81: ФССЦпг03-02-01-015 Пр. Минрегион от 20.07.11 №354 | C81: Перевозка строительных грузов (кроме массовых навалочных, перевозимых автомобилями-самосвалами, а также бетонных и железобетонных изделий, стеновых и перегородочных материалов, лесоматериалов круглых и пиломатериалов, включенных в таблицу 03-01), бортовым автомобилем грузоподъемностью 5 т, на расстояние до 15 км I класс груза (ОП п.1.1.9Поясные коэффициенты к сметным ценам на перевозку грузов автомобильным транспортом: Республика Башкортостан, Алтайский край, Вологодская, Кемеровская, Кировская, Курганская, Омская, Оренбургская, Новосибирская, Свердловская, Челябинская и Пермская области (за исключением Коми-Пермяцкого автономного округа). ПЗ=1,1 (ОЗП=1,1; ЭМ=1,1; ЗПМ=1,1; МАТ=1,1)) НР 0% от ФОТ СП 0% от ФОТ | D81: 1 т груза | E81: 5,62 0,52+5,1 | F81: 27.52 | H81: 27.52 | J81: 155 | L81: 155
A82: 39 | B82: ФССЦпг01-01-01-041 И1-Пр. Минрегион от 05.05.12 №189 | C82: Погрузочные работы при автомобильных перевозках: мусора строительного с погрузкой вручную (ОП п.1.1.9 Прил.1Поясной коэффициент: Пермский край (кроме Красновишерского, Чердынского, Гайнского, Косинского, Кочевского районов), Республика Башкортостан, Республика Алтай, Вологодская, Кемеровская, Кировская, Курганская, Омская, Оренбургская, Новосибирская, Свердловская, Челябинская области ПЗ=1,1 (ОЗП=1,1; ЭМ=1,1; ЗПМ=1,1; МАТ=1,1)) НР 0% от ФОТ СП 0% от ФОТ | D82: 1 т груза | E82: =0.01 -> 0.01 | F82: 47.28 | G82: 47.28
A83: 40 | B83: ФССЦпг03-02-01-055 Пр. Минрегион от 20.07.11 №354 | C83: Перевозка строительных грузов (кроме массовых навалочных, перевозимых автомобилями-самосвалами, а также бетонных и железобетонных изделий, стеновых и перегородочных материалов, лесоматериалов круглых и пиломатериалов, включенных в таблицу 03-01), бортовым автомобилем грузоподъемностью 5 т, на расстояние до 55 км I класс груза (ОП п.1.1.9Поясные коэффициенты к сметным ценам на перевозку грузов автомобильным транспортом: Республика Башкортостан, Алтайский край, Вологодская, Кемеровская, Кировская, Курганская, Омская, Оренбургская, Новосибирская, Свердловская, Челябинская и Пермская области (за исключением Коми-Пермяцкого автономного округа). ПЗ=1,1 (ОЗП=1,1; ЭМ=1,1; ЗПМ=1,1; МАТ=1,1)) НР 0% от ФОТ СП 0% от ФОТ | D83: 1 т груза | E83: 0.01 | F83: 54.37 | H83: 54.37 | J83: 1 | L83: 1
A84: Итого прямые затраты по разделу в ценах 2001г. | J84: 3318 | K84: 1520 | L84: 1798 | M84: 157 | O84: 115.71 | Q84: 8.61
A85: Итого прямые затраты по разделу с учетом коэффициентов к итогам | J85: 3938 | K85: 1824 | L85: 2114 | M85: 188 | O85: 138.85 | Q85: 10.33
A86: Накладные расходы | J86: 1651
A87: Сметная прибыль | J87: 1228
A88: Итоги по разделу 2 Демонтажные работы :
A89: Итого Строительные работы | J89: 794 | O89: 15.14
A90: Итого Монтажные работы | J90: 6023 | O90: 123.71 | Q90: 10.33
A91: Итого | J91: 6817 | O91: 138.85 | Q91: 10.33
A92: В том числе:
A93: Машины и механизмы | J93: 2114
A94: ФОТ | J94: 2012
A95: Накладные расходы | J95: 1651
A96: Сметная прибыль | J96: 1228
A97: Итого по разделу 2 Демонтажные работы | J97: 6817 | O97: 138.85 | Q97: 10.33
A98: ИТОГИ ПО СМЕТЕ:
A99: Итого прямые затраты по смете в ценах 2001г. | J99: 15825 | K99: 4941 | L99: 5074 | M99: 469 | O99: 375.32 | Q99: 25.86
A100: Итого прямые затраты по смете с учетом коэффициентов к итогам | J100: 17800 | K100: 5934 | L100: 6046 | M100: 563 | O100: 450.8 | Q100: 31.03
A101: В том числе, справочно:
A102: Поправочный коэффициент к оплате труда рабочих и механизаторов (1,2/1,15) ОЗП=1,043; ТЗ=1,043 (Поз. 22-25) | J102: 4 | K102: 4 | O102: 0.3234
A103: Заготовительно-складские расходы на материалы по прайс-листам МАТ=2% (Поз. 20) | J103: 10
A104: 1. Производство монтажных работ в существующих зданиях и сооружениях, освобожденных от оборудования и других предметов, мешающих нормальному производству работ. ОЗП=1,2; ЭМ=1,2; ЗПМ=1,2; ТЗ=1,2; ТЗМ=1,2 (Поз. 1-12, 28-30, 32-35) | J104: 1748 | K104: 806 | L104: 942 | M104: 94 | O104: 61.73 | Q104: 5.17
A105: 2. Производство строительных и других работ в существующих зданиях и сооружениях, освобожденных от оборудования и других предметов, мешающих нормальному производству работ ОЗП=1,2; ЭМ=1,2; ЗПМ=1,2; ТЗ=1,2; ТЗМ=1,2 (Поз. 17-18, 26-27, 19, 13, 31, 22-25) | J105: 213 | K105: 183 | L105: 30 | O105: 13.404 | Q105: 0.002
A106: Накладные расходы | J106: 5404
A107: В том числе, справочно:
...

Sheet 16370-ЭМ
A1: СОГЛАСОВАНО: | M1: УТВЕРЖДАЮ:
A4: _________________ | M4: _________________
A5: " _____ " ________________ 2013 г. | M5: "____" ______________2013 г.
H6: ФГУП "Комбинат "Электрохимприбор", г. Лесной
H7: (наименование стройки)
H9: ЛОКАЛЬНЫЙ СМЕТНЫЙ РАСЧЕТ № 16370-ЭМ.СМ
H10: (локальная смета)
A12: Электрооборудование. Станция газификации (техперевооружение с монтажом установки длительного хранения УДХ10-02 и газификатора ГУ-0,3/0,3"
H13: (наименование работ и затрат, наименование объекта)
D15: Основание: 16370-ЭМ
D16: Сметная стоимость _______________________________________________________________________________________________ | J16: ___________________________7599 | L16: руб.
D17: монтажных работ _______________________________________________________________________________________________ | J17: _______________________________________________________________________________________________5492 | L17: руб.
D18: оборудования _______________________________________________________________________________________________ | J18: _______________________________________________________________________________________________2107 | L18: руб.
D19: Средства на оплату труда _______________________________________________________________________________________________ | J19: ___________________________858 | L19: руб.
D20: Сметная трудоемкость _______________________________________________________________________________________________ | J20: _______________________________________________________________________________________________55,14 | L20: чел.час
D21: Составлен(а) в базисных ценах 2001 г.( в редакции 2009)
A24: № пп | B24: Обосно- вание | C24: Наименование | D24: Ед. изм. | E24: Кол. | F24: Стоимость единицы, руб. | J24: Общая стоимость, руб. | N24: Т/з осн. раб.на ед. | O24: Т/з осн. раб. Всего | P24: Т/з мех. на ед. | Q24: Т/з мех. Всего
F25: Всего | G25: В том числе | J25: Всего | K25: В том числе
G26: Осн.З/п | H26: Эк.Маш | I26: З/пМех | K26: Осн.З/п | L26: Эк.Маш | M26: З/пМех
A27: 1 | B27: 2 | C27: 3 | D27: 4 | E27: 5 | F27: 6 | G27: 7 | H27: 8 | I27: 9 | J27: 10 | K27: 11 | L27: 12 | M27: 13 | N27: 14 | O27: 15 | P27: 16 | Q27: 17
A28: Раздел 1. Оборудование
A29: 1 | B29: ТЕРм08-03-573-04 Постан.Правит.Свердл.обл. от 10.11.10 №1616-ПП | C29: Шкаф (пульт) управления навесной, высота, ширина и глубина до 600х600х350 мм НР (44 руб.): 95% от ФОТ (46 руб.) СП (30 руб.): 65% от ФОТ (46 руб.) | D29: 1 шт. | E29: 1 | F29: 99.26 | G29: 33.11 | H29: 62.05 | I29: 4.71 | J29: 99 | K29: 33 | L29: 62 | M29: 5 | N29: 2.37 | O29: 2.37 | P29: 0.29 | Q29: 0.29
A30: 2 | B30: Оборудование по прайс-листам | C30: Корпус модульный пластиковый на 38 модулей, IP 55 КМПн 2/38 IEK МКР72-N-38-55 | D30: шт | E30: 1 | F30: 435 2161/1,18/ИндексОБ | J30: 435
A31: 3 | B31: ТЕРм08-03-575-01 Постан.Правит.Свердл.обл. от 10.11.10 №1616-ПП | C31: Монтаж. Выключатели автоматические НР (125 руб.): 95% от ФОТ (132 руб.) СП (86 руб.): 65% от ФОТ (132 руб.) | D31: 1 шт. | E31: 7 1+5+1 | F31: 16.3 | G31: 15.65 | J31: 114 | K31: 110 | N31: 1.12 | O31: 7.84
A32: 4 | B32: Оборудование по прайс-листам | C32: Выключатель нагрузки двухполюсный с индикатором 32А iSW32 A9S61232 | D32: шт | E32: 1 | F32: 425,29 1790,48/ИндексОБ | J32: 425
A33: 5 | B33: Оборудование по прайс-листам | C33: Выключатель автоматический 2Р, 6А iC60N A9F79206 | D33: шт | E33: 5 | F33: 150,05 631,73/ИндексОБ | J33: 750
A34: 6 | B34: Оборудование по прайс-листам | C34: Выключатель автоматический 2Р, 10А iC60N A9F79210 | D34: шт | E34: 1 | F34: 141,61 596,16/ИндексОБ | J34: 142
A35: 7 | B35: ТЕРм08-03-575-01 Постан.Правит.Свердл.обл. от 10.11.10 №1616-ПП | C35: Монтаж. Выключатели автоматические (в ЩС1) НР (18 руб.): 95% от ФОТ (19 руб.) СП (12 руб.): 65% от ФОТ (19 руб.) | D35: 1 шт. | E35: 1 | F35: 16.3 | G35: 15.65 | J35: 16 | K35: 16 | N35: 1.12 | O35: 1.12
A36: 8 | B36: Оборудование по прайс-листам | C36: Выключатель автоматический 1Р, 25А iC60N A9F79225 | D36: шт | E36: 1 | F36: 168,43 709,07/ИндексОБ | J36: 168
A37: 9 | B37: ТЕРм08-03-575-01 Постан.Правит.Свердл.обл. от 10.11.10 №1616-ПП | C37: Монтаж. Счетчик электроэнергии НР (18 руб.): 95% от ФОТ (19 руб.) СП (12 руб.): 65% от ФОТ (19 руб.) | D37: 1 шт. | E37: 1 | F37: 16.3 | G37: 15.65 | J37: 16 | K37: 16 | N37: 1.12 | O37: 1.12
A38: 10 | B38: Оборудование по прайс-листам | C38: Счетчик электроэнергии CE 101 R5 145M 1 ф, 220В 5-60А МР | D38: шт | E38: 1 | F38: 101,25 503/1,18/ИндексОБ | J38: 101
A39: Итого прямые затраты по разделу в ценах 2001г. | J39: 2266 | K39: 175 | L39: 62 | M39: 5 | O39: 12.45 | Q39: 0.29
A40: Итого прямые затраты по разделу с учетом коэффициентов к итогам | J40: 2399 | K40: 210 | L40: 74 | M40: 6 | O40: 14.94 | Q40: 0.35
A41: Накладные расходы | J41: 205
A42: Сметная прибыль | J42: 140
A43: Итоги по разделу 1 Оборудование :
A44: Итого Монтажные работы | J44: 637 | O44: 14.94 | Q44: 0.35
A45: Итого Оборудование | J45: 2107
A46: Итого | J46: 2744 | O46: 14.94 | Q46: 0.35
A47: В том числе:
A48: Материалы | J48: 8
A49: Машины и механизмы | J49: 74
A50: ФОТ | J50: 216
A51: Оборудование | J51: 2107
A52: Накладные расходы | J52: 205
A53: Сметная прибыль | J53: 140
A54: Итого по разделу 1 Оборудование | J54: 2744 | O54: 14.94 | Q54: 0.35
A55: Раздел 2. Материалы и электромонтажные изделия
A56: 11 | B56: ТЕРм08-02-395-01 Постан.Правит.Свердл.обл. от 10.11.10 №1616-ПП | C56: Лоток металлический штампованный по установленным конструкциям, ширина лотка до 200 мм НР (57 руб.): 95% от ФОТ (60 руб.) СП (39 руб.): 65% от ФОТ (60 руб.) | D56: 1 т | E56: 0,04041 (3,59+0,9)*3*3/1000 | F56: 2242.32 | G56: 894.38 | H56: 1248.2 | I56: 337.7 | J56: 91 | K56: 36 | L56: 50 | M56: 14 | N56: 67.5 | O56: 2.73 | P56: 21.36 | Q56: 0.86
A57: 12 | B57: Материалы по прайс-листам | C57: Лоток металлический перфорированный L=3000 мм, 150х50 мм 3502315HDZ ДКС | D57: м | E57: 9 3*3 | F57: 87,29 615,97/1,18/ИндексМ | J57: 786
A58: 13 | B58: Материалы по прайс-листам | C58: Крышка лотка L=3000 мм, 150х50 мм 35523HDZ ДКС | D58: м | E58: 9 3*3 | F58: 20,11 141,87/1,18/ИндексМ | J58: 181
A59: 14 | B59: ТЕРм08-02-409-02 Постан.Правит.Свердл.обл. от 10.11.10 №1616-ПП | C59: Труба винипластовая по установленным конструкциям, по стенам и колоннам с креплением скобами, диаметр до 50 мм НР (55 руб.): 95% от ФОТ (58 руб.) СП (38 руб.): 65% от ФОТ (58 руб.) | D59: 100 м | E59: 0,06 6 / 100 | F59: 2919.81 | G59: 455.8 | H59: 945.62 | I59: 373.18 | J59: 175 | K59: 27 | L59: 57 | M59: 22 | N59: 34.4 | O59: 2.06 | P59: 23.83 | Q59: 1.43
A60: 15 | B60: Материалы по прайс-листам | C60: Гофрированная труба из ПВХ диам. 32 мм 90532 ДКС | D60: м | E60: 6 | F60: 4,04 28,5/1,18/ИндексМ | J60: 24
A61: 16 | B61: Материалы по прайс-листам | C61: Держатель с защелкой диам. 32 мм 51032 ДКС | D61: шт | E61: 6 | F61: 0,58 4,1/1,18/ИндексМ | J61: 3
A62: 17 | B62: Материалы по прайс-листам | C62: Профиль 3000 мм BPL-29 BPL2930HDZ ДКС | D62: м | E62: 3 3*1 | F62: 46,34 327/1,18/ИндексМ | J62: 139
A63: 18 | B63: Материалы по прайс-листам | C63: Крепление к потолку BSF-21 BSF2901HDZ ДКС | D63: шт | E63: 2 | F63: 84,46 596/1,18/ИндексМ | J63: 169
A64: 19 | B64: Материалы по прайс-листам | C64: Консоль 200 мм BBL-40 BBL4020HDZ ДКС | D64: шт | E64: 2 | F64: 47,62 336/1,18/ИндексМ | J64: 95
A65: 20 | B65: ТЕРм08-02-412-02 Постан.Правит.Свердл.обл. от 10.11.10 №1616-ПП | C65: Затягивание провода в проложенные трубы и металлические рукава первого одножильного или многожильного в общей оплетке, суммарное сечение до 6 мм2 НР (6 руб.): 95% от ФОТ (6 руб.) СП (4 руб.): 65% от ФОТ (6 руб.) | D65: 100 м | E65: 0,06 6 / 100 | F65: 676.59 | G65: 89.31 | H65: 5.85 | I65: 0.36 | J65: 41 | K65: 5 | N65: 6.74 | O65: 0.4 | P65: 0.02
A66: 21 | B66: ТЕРм08-02-412-09 Постан.Правит.Свердл.обл. от 10.11.10 №1616-ПП | C66: Затягивание провода в проложенные трубы и металлические рукава каждого последующего одножильного или многожильного в общей оплетке, суммарное сечение до 6 мм2 НР (1 руб.): 95% от ФОТ (1 руб.) СП (1 руб.): 65% от ФОТ (1 руб.) | D66: 100 м | E66: 0,03 3 / 100 | F66: 248.1 | G66: 30.34 | H66: 2.92 | I66: 0.18 | J66: 7 | K66: 1 | N66: 2.29 | O66: 0.07 | P66: 0.01
A67: 22 | B67: ТЕРм08-02-147-01 Постан.Правит.Свердл.обл. от 10.11.10 №1616-ПП | C67: Кабель по установленным конструкциям и лоткам с креплением на поворотах и в конце трассы, масса 1 м кабеля до 1 кг НР (202 руб.): 95% от ФОТ (213 руб.) СП (138 руб.): 65% от ФОТ (213 руб.) | D67: 100 м кабеля | E67: 0,85 (7+36+42) / 100 | F67: 806.06 | G67: 157.18 | H67: 456.3 | I67: 50.35 | J67: 685 | K67: 134 | L67: 388 | M67: 43 | N67: 11.6 | O67: 9.86 | P67: 2.96 | Q67: 2.52
A68: 23 | B68: Материалы по прайс-листам | C68: Кабель силовой ВВГнг-LS 3х2,5-0,66 | D68: м | E68: 7 | F68: 4,39 31/1,18/ИндексМ | J68: 31
A69: 24 | B69: Материалы по прайс-листам | C69: Кабель силовой ВВГнг-LS 3х1,5-0,66 | D69: м | E69: 45 | F69: 2,98 21/1,18/ИндексМ | J69: 134
A70: 25 | B70: Материалы по прайс-листам | C70: Кабель контрольный КВВГнг-LS 4х1,5-0,66 | D70: м | E70: 42 | F70: 4,39 31/1,18/ИндексМ | J70: 184
A71: 26 | B71: ТЕРм08-02-158-14 Постан.Правит.Свердл.обл. от 10.11.10 №1616-ПП | C71: Заделка концевая сухая для 3-4-жильного кабеля с пластмассовой и резиновой изоляцией напряжением до 1 кВ, сечение одной жилы до 35 мм2 НР (215 руб.): 95% от ФОТ (226 руб.) СП (147 руб.): 65% от ФОТ (226 руб.) | D71: 1 шт. | E71: 12 | F71: 26.56 | G71: 15.58 | H71: 2.92 | I71: 0.18 | J71: 319 | K71: 187 | L71: 35 | M71: 2 | N71: 1.15 | O71: 13.8 | P71: 0.01 | Q71: 0.12
A72: 27 | B72: ТЕРм08-02-158-04 Постан.Правит.Свердл.обл. от 10.11.10 №1616-ПП | C72: Заделка концевая сухая для контрольного кабеля сечением одной жилы до 2,5 мм2, количество жил до 4 НР (25 руб.): 95% от ФОТ (26 руб.) СП (17 руб.): 65% от ФОТ (26 руб.) | D72: 1 шт. | E72: 6 | F72: 38.4 | G72: 3.52 | H72: 2.92 | I72: 0.18 | J72: 230 | K72: 21 | L72: 18 | M72: 1 | N72: 0.26 | O72: 1.56 | P72: 0.01 | Q72: 0.06
A73: 28 | B73: ТЕРм08-03-574-01 Постан.Правит.Свердл.обл. от 10.11.10 №1616-ПП | C73: Разводка по устройствам и подключение жил кабелей или проводов сечением до 10 мм2 НР (48 руб.): 95% от ФОТ (50 руб.) СП (33 руб.): 65% от ФОТ (50 руб.) | D73: 100 жил | E73: 0,18 18 / 100 | F73: 1652.15 | G73: 234.7 | H73: 2.92 | I73: 0.18 | J73: 297 | K73: 42 | L73: 1 | N73: 16.8 | O73: 3.02 | P73: 0.01
A74: Итого прямые затраты по разделу в ценах 2001г. | J74: 3591 | K74: 453 | L74: 549 | M74: 82 | O74: 33.5 | Q74: 4.99
A75: Итого прямые затраты по разделу с учетом коэффициентов к итогам | J75: 3827 | K75: 544 | L75: 659 | M75: 98 | O75: 40.2 | Q75: 5.99
A76: Накладные расходы | J76: 610
A77: Сметная прибыль | J77: 417
A78: Итоги по разделу 2 Материалы и электромонтажные изделия :
A79: Электромонтажные работы на других объектах | J79: 3073 | O79: 40.2 | Q79: 5.99
A80: Материалы для монтажных работ по прайс-листам | J80: 1781
A81: Итого | J81: 4854 | O81: 40.2 | Q81: 5.99
A82: В том числе:
A83: Материалы | J83: 2624
A84: Машины и механизмы | J84: 659
A85: ФОТ | J85: 642
A86: Накладные расходы | J86: 610
A87: Сметная прибыль | J87: 417
A88: Итого по разделу 2 Материалы и электромонтажные изделия | J88: 4854 | O88: 40.2 | Q88: 5.99
A89: ИТОГИ ПО СМЕТЕ:
A90: Итого прямые затраты по смете в ценах 2001г. | J90: 5857 | K90: 628 | L90: 611 | M90: 87 | O90: 45.95 | Q90: 5.28
A91: Итого прямые затраты по смете с учетом коэффициентов к итогам | J91: 6226 | K91: 754 | L91: 733 | M91: 104 | O91: 55.14 | Q91: 6.34
A92: В том числе, справочно:
A93: Заготовительно-складские расходы на материалы по прайс-листам МАТ=2% (Поз. 12-13, 15-19, 23-25) | J93: 35
A94: МДС 81-35.2004 п.4.60._Транспортные расходы ПЗ=1,03 (Поз. 2, 4-6, 8, 10) | J94: 61
A95: МДС 81-35.2004 п.4.64._Заготовительно-складские расходы ПЗ=1,012 (Поз. 2, 4-6, 8, 10) | J95: 25
A96: 1. Производство монтажных работ в существующих зданиях и сооружениях, освобожденных от оборудования и других предметов, мешающих нормальному производству работ. ОЗП=1,2; ЭМ=1,2; ЗПМ=1,2; ТЗ=1,2; ТЗМ=1,2 (Поз. 1, 3, 7, 9, 11, 14, 20-22, 26-28) | J96: 248 | K96: 126 | L96: 122 | M96: 17 | O96: 9.19 | Q96: 1.056
A97: Накладные расходы | J97: 815
A98: В том числе, справочно:
A99: 95% ФОТ (от 858) (Поз. 1, 3, 7, 9, 11, 14, 20-22, 26-28) | J99: 815
A100: Сметная прибыль | J100: 558
A101: В том числе, справочно:
A102: 65% ФОТ (от 858) (Поз. 1, 3, 7, 9, 11, 14, 20-22, 26-28) | J102: 558
A103: Итоги по смете:
A104: Итоги по Монтажным работам
A105: Электромонтажные работы на других объектах:
A106: Итого Поз. 1, 3, 7, 9, 11, 14, 20-22, 26-28 | J106: 2090 | K106: 628 | L106: 611 | M106: 87 | O106: 45.95 | Q106: 5.28
A107: Всего с учетом "1. Производство монтажных работ в существующих зданиях и сооружениях, освобожденных от оборудования и других предметов, мешающих нормальному производству работ. ОЗП=1,2; ЭМ=1,2; ЗПМ=1,2; ТЗ=1,2; ТЗМ=1,2" | J107: 2338 | K107: 754 | L107: 733 | M107: 104 | O107: 55.14 | Q107: 6.34
...

Sheet НМЦ
A1: г. Лесной ФГУП "Комбинат "Электрохимприбор"
A3: Расчет начальной (максимальной) цены
A5: Техперевооружение станции газификации с монтажом установки длительного хранения УДХ10-02 и газификатора ГУ-0,3/0,3
A8: Составлен в ценах по состоянию на 01.01.2000 г. с переводом в текущие | D8: руб.
A9: Наименование глав ССР, объектных сметных расчетов, локальных сметных расчетов, видов работ | B9: Сметная стоимость в базисных ценах на 01.01.2000 | C9: Текущая стоимость на момент определения начальной (максимальной) цены | D9: № обосновывающего расчета
A13: 1 | B13: 2 | C13: 3 | D13: 4
A14: Контроль атмосферы | B14: ='Сводка затрат'!H14 -> 50650 | C14: =ROUND('Сводка затрат'!D14*5.98,0)+ROUND('Сводка затрат'!E14*5.98,0)+ROUND('Сводка затрат'!F14*4.21,0)+ROUND('Сводка затрат'!G14*10.48,0) -> 224823 | D14: 16370-АО.СМ1
A15: Архитектурные решения | B15: ='Сводка затрат'!H15 -> 38348 | C15: =ROUND('Сводка затрат'!D15*5.98,0)+ROUND('Сводка затрат'!E15*5.98,0)+ROUND('Сводка затрат'!F15*4.21,0)+ROUND('Сводка затрат'!G15*10.48,0) -> 229321 | D15: 16370-АР
A16: Автоматизация технологического оборудования | B16: ='Сводка затрат'!H16 -> 2044 | C16: =ROUND('Сводка затрат'!D16*5.98,0)+ROUND('Сводка затрат'!E16*5.98,0)+ROUND('Сводка затрат'!F16*4.21,0)+ROUND('Сводка затрат'!G16*10.48,0) -> 12161 | D16: 16370-АТХ
A17: Конструкции металлические | B17: ='Сводка затрат'!H17 -> 7417 | C17: =ROUND('Сводка затрат'!D17*5.98,0)+ROUND('Сводка затрат'!E17*5.98,0)+ROUND('Сводка затрат'!F17*4.21,0)+ROUND('Сводка затрат'!G17*10.48,0) -> 44354 | D17: 16370-КМ
A18: Технологические решения | B18: ='Сводка затрат'!H18 -> 27230 | C18: =ROUND('Сводка затрат'!D18*5.98,0)+ROUND('Сводка затрат'!E18*5.98,0)+ROUND('Сводка затрат'!F18*4.21,0)+ROUND('Сводка затрат'!G18*10.48,0) -> 162836 | D18: 16370-ТХ
A19: Электрооборудование | B19: ='Сводка затрат'!H19 -> 7599 | C19: =ROUND('Сводка затрат'!D19*5.98,0)+ROUND('Сводка затрат'!E19*5.98,0)+ROUND('Сводка затрат'!F19*4.21,0)+ROUND('Сводка затрат'!G19*10.48,0) -> 41712 | D19: 16370-ЭМ
A20: Итого | B20: =SUM(B14:B19) -> 133288 | C20: =SUM(C14:C19) -> 715207
A22: НДС 18% | C22: =ROUND(C20*18%,2) -> 128737.26
A24: Всего | C24: =SUM(C20:C23) -> 843944.26
A26: Начальник отдела
A27: капитального строительства | C27: В.В. Моляков
A29: Инженер по проектно-сметной работе | C29: Т.Ш. Ковязина
A32: Согласовано | C32: отдел 028

Sheet Сводка затрат
A1: Приложение №__ к договору от "__"______201_ №_______
A3: г. Лесной. ФГУП "Комбинат "Электрохимприбор"
A5: Сводка затрат
A7: Техперевооружение станции газификации с монтажом установки длительного хранения УДХ10-02 и газификатора ГУ-0,3/0,3
A10: Составлен в ценах по состоянию на 01.01.2000 г.
A11: № п/п | B11: Номера сметных расчетов и смет | C11: Наименование работ и затрат | D11: Сметная стоимость | H11: Общая сметная стоимость, руб.
D12: строительных работ | E12: монтажных работ | F12: оборудования, мебели, инвентаря | G12: прочих затрат
A13: 1 | B13: 2 | C13: 3 | D13: 4 | E13: 5 | F13: 6 | G13: 7 | H13: 8
A14: 1 | B14: 16370-АО.СМ1 | C14: Контроль атмосферы | D14: 0 | E14: ='16370-АО'!J142 -> 6546 | F14: ='16370-АО'!J154 -> 44104 | G14: 0 | H14: =SUM(D14:G14) -> 50650 | J14: =ROUND(D14*5.98,0) -> 0 | K14: =ROUND(E14*5.98,0) -> 39145 | L14: =ROUND(F14*4.21,0) -> 185678 | M14: =ROUND(G14*10.48,0) -> 0
A15: 2 | B15: 16370-АР | C15: Архитектурные решения | D15: ='16370-АР'!J133 -> 38348 | E15: 0 | F15: 0 | G15: 0 | H15: =SUM(D15:G15) -> 38348 | J15: =ROUND(D15*5.98,0) -> 229321 | K15: =ROUND(E15*5.98,0) -> 0 | L15: =ROUND(F15*4.21,0) -> 0 | M15: =ROUND(G15*10.48,0) -> 0
A16: 3 | B16: 16370-АТХ | C16: Автоматизация технологического оборудования | D16: 0 | E16: ='16370-АТХ'!J106 -> 2009 | F16: ='16370-АТХ'!J118 -> 35 | G16: 0 | H16: =SUM(D16:G16) -> 2044 | J16: =ROUND(D16*5.98,0) -> 0 | K16: =ROUND(E16*5.98,0) -> 12014 | L16: =ROUND(F16*4.21,0) -> 147 | M16: =ROUND(G16*10.48,0) -> 0
A17: 4 | B17: 16370-КМ | C17: Конструкции металлические | D17: ='16370-КМ'!J120 -> 7417 | E17: 0 | F17: 0 | G17: 0 | H17: =SUM(D17:G17) -> 7417 | J17: =ROUND(D17*5.98,0) -> 44354 | K17: =ROUND(E17*5.98,0) -> 0 | L17: =ROUND(F17*4.21,0) -> 0 | M17: =ROUND(G17*10.48,0) -> 0
A18: 5 | B18: 16370-ТХ | C18: Технологические решения | D18: ='16370-ТХ'!J145 -> 6058 | E18: ='16370-ТХ'!J158 -> 21172 | F18: 0 | G18: 0 | H18: =SUM(D18:G18) -> 27230 | J18: =ROUND(D18*5.98,0) -> 36227 | K18: =ROUND(E18*5.98,0) -> 126609 | L18: =ROUND(F18*4.21,0) -> 0 | M18: =ROUND(G18*10.48,0) -> 0
A19: 6 | B19: 16370-ЭМ | C19: Электрооборудование | D19: 0 | E19: ='16370-ЭМ'!J114 -> 5492 | F19: ='16370-ЭМ'!J120 -> 2107 | G19: 0 | H19: =SUM(D19:G19) -> 7599 | J19: =ROUND(D19*5.98,0) -> 0 | K19: =ROUND(E19*5.98,0) -> 32842 | L19: =ROUND(F19*4.21,0) -> 8870 | M19: =ROUND(G19*10.48,0) -> 0
C20: Итого в базисных ценах 2000 г. | D20: =SUM(D14:D19) -> 51823 | E20: =SUM(E14:E19) -> 35219 | F20: =SUM(F14:F19) -> 46246 | G20: =SUM(G14:G19) -> 0 | H20: =SUM(D20:G20) -> 133288 | J20: =SUM(J14:J19) -> 309902 | K20: =SUM(K14:K19) -> 210610 | L20: =SUM(L14:L19) -> 194695 | M20: =SUM(M14:M19) -> 0 | N20: =SUM(J20:M20) -> 715207
C21: Всего в ценах 2014 (Ксмр=5,98, Коб.=4,21, Кпнр=10,48) | D21: =ROUND(D20*5.98,0) -> 309902 | E21: =ROUND(E20*5.98,0) -> 210610 | F21: =ROUND(F20*4.21,0)-1 -> 194695 | G21: =ROUND(G20*10.48,0) -> 0 | H21: =SUM(D21:G21) -> 715207
C22: НДС 18% | D22: =ROUND(D21*18%,2) -> 55782.36 | E22: =ROUND(E21*18%,2) -> 37909.8 | F22: =ROUND(F21*18%,2) -> 35045.1 | G22: =ROUND(G21*18%,2) -> 0 | H22: =SUM(D22:G22) -> 128737.26
C23: Всего в ценах 2014 с НДС | D23: =SUM(D21:D22) -> 365684.36 | E23: =SUM(E21:E22) -> 248519.8 | F23: =SUM(F21:F22) -> 229740.1 | G23: =SUM(G21:G22) -> 0 | H23: =SUM(D23:G23) -> 843944.26
C27: ЗАКАЗЧИК: | H27: ПОДРЯДЧИК:
C28: Генеральный директор
C29: ФГУП "Комбинат "Электрохимприбор"
C31: __________________ А.В. Новиков
